Cogmind - Beta 11 @@@ ROGUE MODE // 2022.03.27 @ 11:29:58 Player: Alexbot Result: Core destroyed Performance ------------- Evolutions (8) 4000 Regions Visited (35) 7000 Robots Destroyed (227) 1135 Value Destroyed (11288) 11288 Prototype IDs (112) 2240 Alien Tech Used (14) 2800 Bonus (11325) 11325 TOTAL SCORE: 39788 Bonus ------- Triggered High Security 500 High Alert Combat Kills 1779 Follower Combat Kills 3390 Aligned with FarCom 300 Met Data Miner 300 Destroyed Z-Imprinter 1000 Met Zhirov 300 Met Warlord at Base 500 MAIN.C Attacked Warlord 500 Used Core Reset Matrix 3000 Friendly Fire -244 Cogmind --------- Core Integrity 0/1450 Matter 300/300 Energy 938/950 System Corruption 1% Temperature Cool (0) Movement Treading (152) Location -2/Section 7 Parts ------- > --- POWER (1) -------- Improved Quantum Reactor > --- PROPULSION (5) --- Biometal Heavy Treads High-density Centrium Heavy Treads > --- UTILITY (14) ----- High-capacity Storage Unit Experimental Energy Well Experimental Optical Array Experimental Core Analyzer Advanced Transmission Jammer Heavy Regenerative Plating Thermal Barrier Experimental EM Disruption Field System Mapper Microwarp Drive > --- WEAPON (3) ------- Enhanced Nova Cannon Improved Potential Cannon > --- INVENTORY (22) --- Improved Quantum Reactor Experimental Heat Sink Experimental Coolant Injector Dimensional Node Initializer Subatomic Replicator Sigix Sheargun Sigix Sheargun Sigix Sheargun Sigix Shearcannon Drained L-Cannon Point Singularity Launcher Peak State ------------ > --- POWER ------------ Improved Quantum Reactor > --- PROPULSION ------- Biometal Heavy Treads Experimental Biometal Heavy Treads > --- UTILITY ---------- High-capacity Storage Unit Advanced Signal Interpreter Advanced Transmission Jammer System Mapper Wardrone Bay Microwarp Drive > --- WEAPON ----------- Enhanced Nova Cannon Core Stripper > --- INVENTORY -------- Improved Quantum Reactor High-density Centrium Heavy Treads Experimental Coolant Injector Experimental Energy Well Experimental Energy Well Heavy Regenerative Plating Thermal Barrier Experimental EM Disruption Field Experimental Force Field Dimensional Node Initializer Core Regenerator Subatomic Replicator Improved Potential Cannon Point Singularity Launcher [Rating: 257] Favorites ----------- Power Improved Quantum Reactor Engine Light Ion Engine Power Core Light Fission Core Reactor Improved Quantum Reactor Propulsion Cooled Gravmag System Treads High-density Centrium Heavy Treads Leg Carbon-fiber Leg Wheel Compact Wheel Hover Unit Cooled Gravmag System Flight Unit Flying Fortress v7 Utility Large Storage Unit Device Advanced Transmission Jammer Storage Large Storage Unit Processor Advanced Signal Interpreter Hackware Advanced Hacking Suite Protection Experimental Utility Shielding Artifact Microwarp Drive Weapon Light Assault Rifle Energy Gun Small Laser Energy Cannon Enhanced Nova Cannon Ballistic Gun Light Assault Rifle Ballistic Cannon AWS/Autocannon Launcher Long-range Missile Launcher Special Weapon Molecular Deconstructor Impact Weapon Core Stripper Slashing Weapon Chainsword Piercing Weapon Lance Special Melee Weapon Improved Datajack Build | -11 -10 -10 -9 -9 -9 -8 -8 -7 -7 -7 -7 -7 -7 -6 -6 -6 -6 -6 -6 -5 -5 -5 -5 -5 -4 -4 -4 -4 -4 -3 -3 -3 -2 -2 -2 ------- Run | Scr Mat Min Mat Min Exi Min Mat Fac Was Fac Low Low Dat Pro Fac Low Low Zio Dee Pro Fac Upp Upp Zhi Pro Fac Upp Upp War Pro Res Tes Res Qua Sec Slots Evolved 16 | . . . 2 . . . 2 2 . . . . . . 2 . . . . . 2 . . . . 2 . . . . 2 . 2 . . Power . | . . . . . . . . . . . . . . . . . . . . . . . . . . . . . . . . . . . . Propulsion 3 | . . . . . . . . 2 . . . . . . 1 . . . . . . . . . . . . . . . . . . . . Utility 12 | . . . 2 . . . 1 . . . . . . . 1 . . . . . 2 . . . . 2 . . . . 2 . 2 . . Weapon 1 | . . . . . . . 1 . . . . . . . . . . . . . . . . . . . . . . . . . . . . Parts Attached 387 | . 1 1 11 6 2 2 18 12 5 5 1 5 . . 7 4 2 5 15 1 19 3 12 5 5 22 4 3 10 1 19 29 9 79 64 Power 22 | . . . . 1 . . 1 1 . 1 . . . . 1 . 1 . 2 . 1 1 2 . . 2 . 1 . 1 2 1 . 1 2 Engine 4 | . . . . 1 . . . . . . . . . . 1 . . . . . . . 2 . . . . . . . . . . . . Core 11 | . . . . . . . 1 1 . 1 . . . . . . 1 . . . 1 1 . . . 2 . 1 . 1 . 1 . . . Reactor 7 | . . . . . . . . . . . . . . . . . . . 2 . . . . . . . . . . . 2 . . 1 2 Propulsion 63 | . . . 7 1 1 1 5 3 . . . 1 . . 1 . 1 1 . . 6 . 3 3 . 3 . . . . 4 4 1 12 5 Treads 9 | . . . 3 . . . . . . . . . . . . . . . . . . . . . . . . . . . . . . 2 4 Leg 8 | . . . 3 1 . . . . . . . . . . . . . . . . 2 . 1 . . . . . . . . . . . 1 Wheel 8 | . . . . . 1 1 4 1 . . . . . . . . . . . . 1 . . . . . . . . . . . . . . Hover 25 | . . . . . . . . . . . . . . . . . . . . . . . . 3 . 3 . . . . 4 4 1 10 . Flight 13 | . . . 1 . . . 1 2 . . . 1 . . 1 . 1 1 . . 3 . 2 . . . . . . . . . . . . Utility 203 | . 1 . 2 1 . 1 5 2 1 1 1 2 . . 4 2 . 2 12 . 6 2 3 2 2 9 4 . 6 . 7 20 5 55 45 Device 111 | . . . 1 . . 1 1 1 1 . 1 1 . . 4 1 . 2 4 . 2 . 1 . 1 5 1 . 6 . 5 9 1 37 25 Storage 32 | . 1 . 1 . . . 2 . . . . . . . . . . . 2 . 1 . . 1 . . 2 . . . 1 7 . 8 6 Processor 19 | . . . . . . . 2 . . . . . . . . 1 . . . . . 2 1 . . 2 . . . . . 1 3 2 5 Hackware 6 | . . . . . . . . . . 1 . . . . . . . . . . 2 . . . . 2 . . . . 1 . . . . Protection 31 | . . . . 1 . . . 1 . . . 1 . . . . . . 6 . 1 . 1 1 1 . 1 . . . . 3 1 8 5 Artifact 4 | . . . . . . . . . . . . . . . . . . . . . . . . . . . . . . . . . . . 4 Weapon 99 | . . 1 2 3 1 . 7 6 4 3 . 2 . . 1 2 . 2 1 1 6 . 4 . 3 8 . 2 4 . 6 4 3 11 12 Energy Gun 7 | . . . 1 1 . . . . . . . . . . . . . . . . . . . . . . . . 1 . 2 . . 1 1 Energy Cannon 28 | . . . . . . . 5 4 1 . . 1 . . . . . . . . . . 2 . . 3 . 1 . . . 1 2 1 7 Ballistic Gun 12 | . . 1 . 2 1 . . . 1 . . . . . . . . 1 . . . . . . 1 3 . . . . . . . 2 . Ballistic Cannon 9 | . . . 1 . . . . . 1 1 . 1 . . . . . . . . 3 . . . . . . . . . . . . 1 1 Launcher 16 | . . . . . . . 1 2 . 1 . . . . 1 . . . . 1 . . 1 . 2 2 . 1 . . . . . 2 2 Special Weapon 9 | . . . . . . . . . . . . . . . . 1 . . 1 . 1 . 1 . . . . . 3 . 1 . 1 . . Impact Weapon 4 | . . . . . . . . . . . . . . . . . . 1 . . . . . . . . . . . . . . . 2 1 Slashing Weapon 8 | . . . . . . . . . 1 1 . . . . . 1 . . . . 2 . . . . . . . . . . 1 . 2 . Piercing Weapon 4 | . . . . . . . . . . . . . . . . . . . . . . . . . . . . . . . 2 2 . . . Special Melee Weapon 2 | . . . . . . . 1 . . . . . . . . . . . . . . . . . . . . . . . 1 . . . . Unidentified Prototypes 57 | . . . 1 . . . . 1 1 . . . . . 1 . . . 8 . 1 . . 3 . 3 . . 3 . 2 8 2 13 10 Parts Lost 70 | . . 4 6 2 . . 3 1 2 . . . . . . . 1 . . . 9 1 2 . . 3 . 6 2 . 5 1 1 12 9 Power 11 | . . 1 . . . . . . 1 . . . . . . . . . . . 2 . 2 . . 2 . . 1 . 1 . . 1 . Propulsion 24 | . . 1 3 1 . . 1 1 . . . . . . . . . . . . 3 1 . . . . . . 1 . 2 1 1 7 1 Utility 24 | . . . 1 . . . 2 . 1 . . . . . . . . . . . 4 . . . . 1 . 3 . . 2 . . 3 7 Weapon 11 | . . 2 2 1 . . . . . . . . . . . . 1 . . . . . . . . . . 3 . . . . . 1 1 Highest Loss Streak 5 | . . 4 3 1 . . 2 1 1 . . . . . . . 1 . . . 5 1 1 . . 2 . 3 2 . 3 1 1 5 3 To Critical Strikes 3 | . . . . . . . . . . . . . . . . . . . . . . . . . . . . 1 . . . . . 1 1 Average Slot Usage (%) 71 | . 85 79 48 52 73 79 92 81 56 68 69 63 53 53 57 78 75 73 74 66 58 51 85 98 70 90 93 87 92 82 53 74 88 77 62 Engine 1 | . 14 12 . . 11 11 6 . . . . . . . 1 6 5 . . . . . 1 5 5 . . . . . . . . . . Core 1 | . . . . . . . 2 7 3 6 7 6 . . . . . 6 1 . . 5 . . . 4 . 3 5 3 1 . 4 . . Reactor 1 | . . . . . . . . . . . . . . . . . . . 4 6 3 . . . . . . . . . 2 3 . 3 3 Treads 1 | . . . 9 . . . . . . . . . . . . . . . . . . . . . . . . . . . . . . 1 7 Leg 3 | . 28 26 7 15 11 9 . . . . . . . . . . . . . . 2 11 12 16 . . . . . . . . . . . Wheel 1 | . . . . . 7 12 17 12 . . . . . . . . . . . . 1 1 . . . . . . . . . . . . . Hover 6 | . . . . . . . . . . . . . . . . . . . . . . . . 4 17 22 26 26 26 21 16 22 18 14 . Flight 2 | . . . . . . . . . 7 7 7 6 7 7 10 13 12 9 13 13 7 . 10 6 . . . . . . . . . . . Device 10 | . . . 2 . . 2 16 7 7 8 7 5 7 7 12 13 19 17 12 6 6 5 10 8 5 4 . . 11 21 7 14 23 20 15 Storage 9 | . 14 12 10 11 11 11 10 12 7 7 7 7 7 7 6 6 6 6 8 13 8 5 5 7 11 5 14 15 14 10 3 6 8 11 10 Processor 5 | . . . . . . . 11 15 15 15 15 15 15 15 13 12 6 6 3 . . 3 11 11 11 13 10 8 5 5 3 . 6 6 4 Hackware 5 | . . . . . . . . . . 6 7 3 . . . . . . . . 9 11 11 11 11 20 21 20 15 15 4 9 8 5 4 Protection 3 | . . . . 6 11 11 3 2 2 . . 4 7 7 6 6 6 6 9 13 4 . 4 4 5 5 5 1 . . . 5 8 3 3 Energy Gun 1 | . 14 12 5 7 7 . . . . . . . . . . . . . . . . . . . . . . . 3 . 1 . . . . Energy Cannon 2 | . . . . . . . 5 21 2 . . 1 7 7 6 6 3 . . . . . 10 11 . 3 5 3 4 . . . 1 2 4 Ballistic Gun 2 | . 14 14 2 7 14 22 12 . 6 7 7 5 . . . . . 3 3 . . . . . . 2 5 3 . . . . . . . Launcher 1 | . . . . . . . . . . . . . . . . 6 6 6 3 3 2 . 1 5 . 3 5 4 . . . . . 1 . Naked Turns . | . . . . . . . . . . . . . . . . . . . . . . . . . . . . . . . . . . . . Heaviest Build 145 | 13 23 18 29 30 30 31 47 57 50 48 42 44 31 31 50 56 55 50 56 54 85 87 87 61 39 50 50 54 61 50 97 145 68 115 145 Greatest Support 196 | 20 20 20 40 20 16 26 26 50 50 50 50 50 50 50 56 56 56 56 56 56 56 30 45 45 48 71 56 71 71 50 59 76 84 196 185 Greatest Overweight (x) 9 | . 1 . 2 2 2 1 4 3 . . . 9 . . . . . . . . 8 8 2 1 . 1 . . 1 1 3 2 1 3 1 Average Overweight (x) . | . . . . 1 1 1 1 1 . . . . . . . . . . . . 1 3 . . . . . . . . 1 . . . . Largest Inventory Capacity 25 | 8 10 10 15 15 15 15 15 15 15 15 15 15 15 15 15 15 15 15 15 15 15 15 15 15 15 15 15 15 15 15 15 25 15 15 22 Average Capacity 15 | 8 8 9 14 15 15 15 15 15 15 15 15 15 15 15 15 15 15 15 15 15 15 15 15 15 15 15 15 15 15 15 14 19 15 15 18 Most Carried 25 | 6 8 10 10 11 15 15 15 15 15 15 15 15 14 14 15 15 15 15 15 15 15 15 15 15 15 15 15 15 15 15 15 25 15 15 19 Average Carried 13 | 6 6 8 7 10 12 15 14 14 14 14 15 13 14 14 14 14 13 14 14 15 13 13 13 14 14 14 13 14 14 14 13 15 14 14 14 Final Capacity 22 | 8 10 5 15 15 15 15 15 15 15 15 15 15 15 15 15 15 15 15 15 15 15 15 15 15 15 15 15 15 15 15 5 15 15 15 22 Final Carried 15 | 6 8 5 9 11 15 15 15 15 15 15 15 14 14 14 15 15 13 15 15 15 14 15 14 15 15 13 14 14 15 15 5 15 14 15 15 Class Distribution -------------------- 31% | Mutant 25% | Hacker-Mutant 15% | Alien-Mutant 11% | Scavenger-Mutant 5% | Hacker-Gunner 3% | Derelict-Mutant Dominant Class ---------------- Mutant | -10/Materials Mutant | -10/Mines Mutant | -9/Materials Mutant | -9/Mines Scavenger-Mutant | -9/Exiles Scavenger-Mutant | -8/Mines Scavenger-Assassin | -8/Materials Mutant | -7/Factory Mutant | -7/Waste Mutant | -7/Factory Mutant | -7/Lower Caves Mutant | -7/Lower Caves Mutant | -7/Data Miner Mutant | -6/Proximity Caves Mutant | -6/Factory Mutant | -6/Lower Caves Mutant | -6/Lower Caves Derelict-Mutant | -6/Zion Mutant | -6/Deep Caves Mutant | -5/Proximity Caves Hacker-Gunner | -5/Factory Hacker-Gunner | -5/Upper Caves Scavenger-Mutant | -5/Upper Caves Scavenger-Mutant | -5/Zhirov Hacker-Mutant | -4/Proximity Caves Hacker-Mutant | -4/Factory Hacker-Gunner | -4/Upper Caves Hacker-Mutant | -4/Upper Caves Hacker-Mutant | -4/Warlord Hacker-Mutant | -3/Proximity Caves Mutant | -3/Research Hacker-Mutant | -3/Testing Hacker-Mutant | -2/Research Hacker-Mutant | -2/Quarantine Alien-Mutant | -2/Section 7 Resources | -11 -10 -10 -9 -9 -9 -8 -8 -7 -7 -7 -7 -7 -7 -6 -6 -6 -6 -6 -6 -5 -5 -5 -5 -5 -4 -4 -4 -4 -4 -3 -3 -3 -2 -2 -2 ----------- Run | Scr Mat Min Mat Min Exi Min Mat Fac Was Fac Low Low Dat Pro Fac Low Low Zio Dee Pro Fac Upp Upp Zhi Pro Fac Upp Upp War Pro Res Tes Res Qua Sec Matter Collected 6284 | 184 83 158 138 106 . 147 241 205 92 146 10 10 . 77 40 25 112 70 245 58 416 23 147 . 125 122 2 56 347 20 185 318 301 1185 890 Remotely . | . . . . . . . . . . . . . . . . . . . . . . . . . . . . . . . . . . . . Salvage Created 9911 | . 153 20 226 177 . 102 333 640 182 205 71 31 . 164 75 . 84 . 285 95 1202 458 259 . 50 231 . 98 . . 773 390 400 1081 2126 Parts 494 | . 8 1 15 15 . 8 24 27 6 11 4 1 . 3 4 . 4 . 19 8 51 8 14 . 6 3 . 9 . . 46 27 12 50 110 Haulers Intercepted 11 | . 2 . 1 . . . . 1 . . . . . . . . . . . . . . . . . 1 . . . . 3 . 3 . . Recyclers Shooed 8 | . . . . 1 . 1 . 1 . . . . . . . . . . . . 2 . . . . 1 . . . . . 1 . . 1 Parts Field Recycled . | . . . . . . . . . . . . . . . . . . . . . . . . . . . . . . . . . . . . Retrieved Matter . | . . . . . . . . . . . . . . . . . . . . . . . . . . . . . . . . . . . . Parts Self-Destructed 125 | . . . . . . . . . . . 4 4 . 5 . . 5 3 . 5 . 8 12 . 9 . . 8 62 . . . . . . Prevented 10 | . . . . . . . . . . . . . . 1 . . 5 . . . . . . . . . . . 4 . . . . . . Kills | -11 -10 -10 -9 -9 -9 -8 -8 -7 -7 -7 -7 -7 -7 -6 -6 -6 -6 -6 -6 -5 -5 -5 -5 -5 -4 -4 -4 -4 -4 -3 -3 -3 -2 -2 -2 ------- Run | Scr Mat Min Mat Min Exi Min Mat Fac Was Fac Low Low Dat Pro Fac Low Low Zio Dee Pro Fac Upp Upp Zhi Pro Fac Upp Upp War Pro Res Tes Res Qua Sec Combat Hostiles Destroyed 181 | . 2 . 9 7 . 1 6 14 1 4 1 . . 3 1 . 5 . 4 9 23 10 7 . 4 2 . 7 . . 10 5 1 13 32 Melee 23 | . . . . . . . . . . . 1 . . . . . 1 . . . 4 . . . . . . . . . 6 5 1 5 . Guns 18 | . 2 . 2 5 . 1 2 . . . . . . . . . . . 2 . . . . . . . . . . . . . . 2 2 Cannons 70 | . . . 7 2 . . 2 1 1 1 . . . 3 1 . . . . . 12 10 3 . . . . . . . 1 . . 5 21 AOE 54 | . . . . . . . 2 11 . 3 . . . . . . 3 . 2 9 3 . 4 . 4 . . 6 . . 3 . . . 4 Classes Destroyed 22 | . 2 1 2 1 . 1 4 1 1 . 1 . . . . . . . 2 . 2 . 1 . . . . . . . 1 . . 1 1 Worker 4 | . . 1 . . . . . . . . . . . . . . . . . . 1 . . . . . . . . . 2 . . . . Builder 5 | . . . . . . . 2 . . . . . . . . . . . . . 1 . . . . 1 . . . . . . . . 1 Tunneler 2 | . . . . . . 2 . . . . . . . . . . . . . . . . . . . . . . . . . . . . . Hauler 11 | . 2 . 1 . . . . 1 . . . . . . . . . . . . . . . . . 1 . . . . 3 . 3 . . Recycler 10 | . . . . 1 . . . 3 . . . . . . . . . . . . 2 . . . . . . . . . . 1 . 1 2 Minesweeper 2 | . . . . . . . . . . . 1 1 . . . . . . . . . . . . . . . . . . . . . . . Operator 5 | . . . 1 . . . 1 . . 1 . . . . . . . . . . 1 . . . . . . . . . . 1 . . . Watcher 6 | . . . . . . . 1 2 . . . . . . . . . . . . 1 . . . . . . . . . 1 . . . 1 Swarmer 49 | . . . 4 7 . . . 7 . . . . . . . . 4 . . 9 4 1 . . 4 . . 6 . . . 3 . . . Grunt 48 | . 2 . 5 . . 1 2 5 . 3 1 . . 3 . . 1 . . . 10 4 5 . . 2 . . . . . . . . 4 Brawler 3 | . . . . . . . . . . . . . . . . . . . . . 1 2 . . . . . . . . . . . . . Duelist 3 | . . . . . . . . . . . . . . . . . . . . . 1 1 . . . . . . . . . . . . 1 Sentry 14 | . . . . . . . 3 1 . 1 . . . . 1 . . . . . 4 2 . . . . . . . . . . . . 2 Specialist 4 | . . . . . . . . . . . . . . . . . . . . . . . . . . . . . . . 2 . . . 2 Hunter 5 | . . . . . . . 1 . . . . . . . . . . . . . 3 . . . . . . . . . . . . 1 . Programmer 43 | . . . . . . . . 1 . . . . . . . . . . . . . . . . . . . . . . 8 2 1 11 20 Compactor 1 | . . . . . . . . . 1 . . . . . . . . . . . . . . . . . . . . . . . . . . S7 Guard 1 | . . . . . . . . . . . . . . . . . . . . . . . . . . . . . . . . . . . 1 Executioner 2 | . . . . . . . . . . . . . . . . . . . . . . . . . . . . . . . . . . . 2 Fortress 1 | . . . . . . . . . . . . . . . . . . . . . . . . . . . . . . . . . . 1 . Z-Light 4 | . . . . . . . . . . . . . . . . . . . 4 . . . . . . . . . . . . . . . . Master Thief 3 | . . . . . . . . . . . . . . . . . . . . . . . 2 . . . . 1 . . . . . . . Fireman 1 | . . . . . . . . . . . . . . . . . . . 1 . . . . . . . . . . . . . . . . Best Kill Streak 9 | . 3 1 4 5 . 2 5 7 1 3 2 1 . 3 1 . 4 . 2 5 9 8 5 . 4 3 . 3 . . 4 3 2 3 3 Combat Bots Only 8 | . 2 . 4 4 . 1 3 7 1 3 1 . . 3 1 . 4 . 2 5 7 8 5 . 4 1 . 3 . . 4 3 1 3 3 Max Kills in Single Turn 5 | . 1 1 1 1 . 1 2 5 1 3 1 1 . 1 1 . 2 . 2 4 1 1 2 . 4 1 . 3 . . 2 1 1 1 1 Gunslinging . | . . . . . . . . . . . . . . . . . . . . . . . . . . . . . . . . . . . . Exploded 5 | . . . . . . . 1 5 . 3 . . . . . . 2 . 2 4 1 . 2 . 4 . . 3 . . 1 . . . 1 Melee 1 | . . . . . . . . . . . 1 . . . . . 1 . . . 1 . . . . . . . . . 1 1 1 1 . Uniques/NPCs Destroyed 1 | . . . . . . . . . . . . . . . . . . . 1 . . . . . . . . . . . . . . . . Z-Imprinter (-6/Deep Caves) Combat | -11 -10 -10 -9 -9 -9 -8 -8 -7 -7 -7 -7 -7 -7 -6 -6 -6 -6 -6 -6 -5 -5 -5 -5 -5 -4 -4 -4 -4 -4 -3 -3 -3 -2 -2 -2 -------- Run | Scr Mat Min Mat Min Exi Min Mat Fac Was Fac Low Low Dat Pro Fac Low Low Zio Dee Pro Fac Upp Upp Zhi Pro Fac Upp Upp War Pro Res Tes Res Qua Sec Damage Taken 18430 | . 110 394 797 299 . 87 500 402 121 74 29 22 . 100 25 . 509 . 432 177 1543 297 285 . 13 718 40 635 268 51 2373 602 419 3252 3856 Core 3273 | . 21 87 86 59 . . 162 54 90 5 . 5 . . . . 106 . . 17 274 35 20 . 13 110 . 76 39 . 111 137 61 680 1025 Absorbed by Shields 613 | . . . 30 . . . 64 . . . . . . . . . . . . . . . . . . . . . . . . . . . 519 Reduced by Siege Mode 38 | . . . . . . . . . . . . . . . . . . . . . . . . . . . . . . . . . . 4 34 Redirected to Shielding 993 | . . . . . . . . . . . . 9 . . 6 . 29 . 99 47 287 . 67 . . 94 16 42 . . . 115 107 75 . Regen/Repaired (Parts) 1471 | . . . . . . . . . . 56 . . . . . . . . . . . . . . . . . . . . . . . 359 1056 Core Remaining (%) 75 | 100 . 56 . . . 63 70 . . . . . . 78 . . . . . 85 . . . . 65 . . . . 80 . 80 . . . Volleys Fired 569 | . 13 4 42 23 . 14 54 22 7 10 . 7 . 9 3 . 5 . 13 4 27 . 7 . 1 35 . 15 . 2 12 . 1 47 192 Largest 2 | . 2 2 2 2 . 2 2 2 1 1 . 1 . 1 1 . 1 . 1 1 1 . 2 . 1 1 . 2 . 1 1 . 1 2 1 Hottest 260 | . 70 70 104 60 . 40 160 160 63 57 . 63 . 63 63 . 63 . 43 43 43 . 210 . 43 260 . 260 . . . . 200 120 200 Shots Fired 767 | . 26 8 52 33 . 28 105 23 14 10 . 7 . 8 3 . 5 . 13 4 59 32 13 . 1 35 . 23 . 2 12 . 1 56 194 Gun 254 | . 26 8 10 30 . 28 82 . 7 . . . . . . . . . 10 . . . . . . 9 . 8 . . . . . 18 18 Cannon 434 | . . . 42 3 . . 20 21 7 9 . 7 . 8 3 . 1 . . . 32 32 10 . . 20 . 9 . . . . 1 38 171 Launcher 43 | . . . . . . . 3 2 . 1 . . . . . . 4 . 3 4 6 . 2 . 1 6 . 6 . . . . . . 5 Special 36 | . . . . . . . . . . . . . . . . . . . . . 21 . 1 . . . . . . 2 12 . . . . Kinetic 341 | . 13 4 44 15 . 28 82 . 13 9 . 4 . . . . . . 10 . 32 32 3 . . 9 . 8 . . . . . 31 4 Thermal 268 | . 13 4 8 18 . . 20 4 . . . . . . . . . . . . . . 7 . . 17 . 4 . . . . 1 25 147 Explosive 43 | . . . . . . . 3 2 . 1 . . . . . . 4 . 3 4 6 . 2 . 1 . . 4 . . 8 . . . 5 Electromagnetic 49 | . . . . . . . . 17 1 . . 3 . 8 3 . 1 . . . . . . . . 9 . 7 . . . . . . . Slashing 38 | . . . . . . . . . . . . . . . . . . . . . . . . . . . . . . . . . . . 38 Robot Hit Streak 19 | . 5 6 5 5 . 5 5 7 7 8 . 4 . 6 4 . 2 . 2 6 16 8 4 . 2 6 . 9 . . 9 . . 10 19 Robot Miss Streak 7 | . 2 3 2 7 . 2 3 6 2 1 . 3 . 1 . . 3 . 5 . 2 1 2 . . 1 . 3 . . 1 . . 4 6 Penetration Max 1 | . . . . . . . . . . . . . . . . . . . . . . . . . . . . . . . . . . . 1 Secondary Targets 1 | . . . . . . 1 . . . . . . . . . . . . . . . . . . . . . . . . . . . . . Max Gunslinging Chain 1 | . . . . . . 1 . . . . . . . . . . . . . . . . . . . . . . . . . . . . . Capacitor 5 | . . . . . . . . . . . . . . . . . . . . . . . . . . 4 . . . . . . 1 . . Autonomous 74 | . . . . . . . . . 7 . . . . . . . . . . . 32 32 3 . . . . . . . . . . . . Shots Hit Robots 546 | . 15 5 34 18 . 16 60 15 12 2 2 8 . 6 3 . 7 . 3 4 58 26 7 . 1 14 . 13 . . 42 18 10 52 95 Core Hits 318 | . 8 2 13 10 . 8 23 25 3 11 2 1 . 4 3 . 4 . 7 9 30 8 12 . 3 7 . 8 . . 26 12 4 15 60 Critical Kills 11 | . . . . . . . . 1 1 2 . . . . . . . . 3 . . . . . . . . . . . . . . . 4 Critical Parts Destroyed 5 | . . . . . . . . . 1 . . . . . . . . . . . . . . . . 3 . 1 . . . . . . . Critical Strikes 40 | . . 1 1 . . . . 1 5 2 . 1 . . . . 1 . 3 . 4 . . . . 4 . 1 . . 4 2 1 1 8 Burn 1 | . . 1 . . . . . . . . . . . . . . . . . . . . . . . . . . . . . . . . . Meltdown 5 | . . . . . . . . 1 . . . . . . . . . . . . . . . . . . . . . . . . . . 4 Destroy 15 | . . . . . . . . . 5 2 . . . . . . . . 3 . . . . . . 4 . 1 . . . . . . . Blast 5 | . . . 1 . . . . . . . . . . . . . . . . . 3 . . . . . . . . . . . . 1 . Corrupt 1 | . . . . . . . . . . . . 1 . . . . . . . . . . . . . . . . . . . . . . . Sever 7 | . . . . . . . . . . . . . . . . . 1 . . . 1 . . . . . . . . . 1 . . . 4 Impale 6 | . . . . . . . . . . . . . . . . . . . . . . . . . . . . . . . 3 2 1 . . Melee Attacks 175 | . . . . . . . 1 . . 1 3 4 . . . 1 7 1 . . 19 . . . . . . . . . 48 35 18 36 1 Kinetic 2 | . . . . . . . . . . . . . . . . . . . . . . . . . . . . . . . . . . 1 1 Impact . | . . . . . . . . . . . . . . . . . . . . . . . . . . . . . . . . . . . . Slashing 63 | . . . . . . . . . . 1 3 4 . . . 1 7 1 . . 19 . . . . . . . . . . 9 . 18 . Piercing 108 | . . . . . . . . . . . . . . . . . . . . . . . . . . . . . . . 47 26 18 17 . Sneak Attacks 18 | . . . . . . . 1 . . . 1 1 . . . . . . . . 1 . . . . . . . . . 7 3 3 1 . Combat Hostiles . | . . . . . . . . . . . . . . . . . . . . . . . . . . . . . . . . . . . . Follow-up Attacks 3 | . . . . . . . . . . . . . . . . . . . . . . . . . . . . . . . . 1 . 2 . Damage Inflicted 28406 | . 166 58 693 172 . 151 905 1995 327 271 121 310 . 162 65 . 671 . 205 851 3367 1718 771 . 317 690 . 719 . . 3385 809 639 2605 6263 Guns 2119 | . 166 52 79 127 . 151 377 . 159 . . . . . . . . . 33 . . . . . . 62 . 38 . . . . . 450 425 Cannons 12424 | . . . 614 45 . . 308 379 168 50 . 81 . 162 65 . 28 . . . 2161 1718 403 . . 267 . 118 . . . . . 1125 4732 Explosions 8513 | . . . . . . . 220 1616 . 221 . . . . . . 450 . 172 851 668 . 368 . 317 361 . 563 . . 1637 . . . 1069 Melee 4954 | . . . . . . . . . . . 121 229 . . . . 193 . . . 538 . . . . . . . . . 1395 809 639 1030 . Ramming 43 | . . 6 . . . . . . . . . . . . . . . . . . . . . . . . . . . . . . . . 37 Kinetic 6954 | . 77 28 614 67 . 151 377 . 304 50 . 15 . . . . . . 33 . 2161 1718 261 . . 62 . 38 . . . . . 998 . Thermal 6412 | . 89 24 79 105 . . 308 1200 . . . . . . . . . . . . . . 142 . . 361 . 157 . . . . . 577 3370 Explosive 6664 | . . . . . . . 220 495 . 221 . . . . . . 450 . 172 851 668 . 368 . 317 . . 406 . . 1637 . . . 859 Electromagnetic 1029 | . . . . . . . . 300 23 . . 66 . 162 65 . 28 . . . . . . . . 267 . 118 . . . . . . . Impact . | . . . . . . . . . . . . . . . . . . . . . . . . . . . . . . . . . . . . Slashing 4305 | . . . . . . . . . . . 121 229 . . . . 193 . . . 538 . . . . . . . . . 353 225 . 649 1997 Piercing 2999 | . . . . . . . . . . . . . . . . . . . . . . . . . . . . . . . 1395 584 639 381 . Highest Corruption 26 | . . . . . . . . 2 2 2 2 2 2 2 . . 1 1 . . . . . . . . . . . . 21 26 1 15 1 Average Corruption 5 | . . . . . . . . 2 2 2 2 2 2 2 . . 1 1 . . . . . . . . . . . . 11 22 1 6 1 Corruption Purged . | . . . . . . . . . . . . . . . . . . . . . . . . . . . . . . . . . . . . Corruption Blocked 7 | . . . . . . . . . . . . . . . . . . . . . . . . . . . . . . . . . 7 . . Effects 117 | . . . . . . . . 5 . 3 . . . 5 . . 1 1 . . . . . . . . . . . . 14 42 . 26 20 Message Errors 31 | . . . . . . . . 2 . . . . . 2 . . . . . . . . . . . . . . . . 6 9 . 8 4 Matter Fused 30 | . . . . . . . . . . 2 . . . 1 . . 1 . . . . . . . . . . . . . 5 6 . 10 5 Heat Flow Errors 10 | . . . . . . . . . . . . . . 1 . . . . . . . . . . . . . . . . 1 5 . 1 2 Energy Discharges 14 | . . . . . . . . 1 . . . . . . . . . . . . . . . . . . . . . . . 7 . 3 3 Parts Rejected 4 | . . . . . . . . 1 . . . . . . . . . . . . . . . . . . . . . . . . . 1 2 Data Loss (minor) 10 | . . . . . . . . 1 . 1 . . . . . . . 1 . . . . . . . . . . . . 1 4 . 1 1 Data Loss (major) 9 | . . . . . . . . . . . . . . . . . . . . . . . . . . . . . . . . 6 . 2 1 Misfires 2 | . . . . . . . . . . . . . . . . . . . . . . . . . . . . . . . . . . . 2 Alerts 2 | . . . . . . . . . . . . . . . . . . . . . . . . . . . . . . . . 2 . . . Misdirections 4 | . . . . . . . . . . . . . . . . . . . . . . . . . . . . . . . 1 3 . . . Weapon Failures 1 | . . . . . . . . . . . . . . 1 . . . . . . . . . . . . . . . . . . . . . Overload Shots . | . . . . . . . . . . . . . . . . . . . . . . . . . . . . . . . . . . . . Overflow Damage 2138 | . . . 32 . . . 9 312 . . . 103 . . . . 41 . . 128 183 291 12 . 48 8 . 17 . . 210 52 159 308 225 Projectiles 852 | . . . 12 . . . . 7 . . . . . . . . . . . . 137 291 12 . . 8 . . . . 29 . . 131 225 Explosions 713 | . . . 20 . . . 9 305 . . . . . . . . 37 . . 128 8 . . . 48 . . 17 . . 141 . . . . Melee 573 | . . . . . . . . . . . . 103 . . . . 4 . . . 38 . . . . . . . . . 40 52 159 177 . Knockbacks 18 | . . . 6 . . . . . . . . . . . . . . . . . 6 4 1 . . . . . . . . . . 1 . Impact . | . . . . . . . . . . . . . . . . . . . . . . . . . . . . . . . . . . . . Kinetic 17 | . . . 6 . . . . . . . . . . . . . . . . . 6 3 1 . . . . . . . . . . 1 . Secondary 1 | . . . . . . . . . . . . . . . . . . . . . . 1 . . . . . . . . . . . . . Self-Inflicted Damage 537 | . . 3 256 . . . 21 82 . . . . . . . . 73 . . . . . . . . . . 41 . . . . . . 61 Shots 10 | . . . 3 . . . 1 2 . . . . . . . . 1 . . . . . . . . . . 1 . . . . . . 2 Rammed 4 | . . 1 . . . . . . . . . . . . . . . . . . . . . . . . . . . . . . . . 3 Targets Rammed 4 | . . 1 . . . . . . . . . . . . . . . . . . . . . . . . . . . . . . . . 3 Kicked . | . . . . . . . . . . . . . . . . . . . . . . . . . . . . . . . . . . . . Crushed . | . . . . . . . . . . . . . . . . . . . . . . . . . . . . . . . . . . . . Highest Temperature 399 | . 190 40 150 28 . 17 399 108 12 152 . 35 . 179 48 302 21 . 21 . . . 104 . . 332 . 308 . . 251 162 165 195 188 Average Temperature 71 | . 84 20 56 12 . 7 157 39 6 63 . 21 . 41 25 152 14 . 10 . . . 44 . . 160 . 99 . . 149 72 119 80 45 Received Heat Transfer 2126 | . 60 . 171 . . 45 141 102 . 36 18 . . 18 . . 75 . 126 30 330 63 105 . . 138 21 87 18 9 18 . 63 180 272 Effects 1 | . . . . . . . 1 . . . . . . . . . . . . . . . . . . . . . . . . . . . . Shutdowns 1 | . . . . . . . 1 . . . . . . . . . . . . . . . . . . . . . . . . . . . . Siege Activations 9 | . . . . . . . . . . . . . . . . . . . . . . . . . . . . . . . . . . 1 8 Total Turns 269 | . . . . . . . . . . . . . . . . . . . . . . . . . . . . . . . . . . 17 252 Longest Duration 66 | . . . . . . . . . . . . . . . . . . . . . . . . . . . . . . . . . . 17 66 Robots Corrupted 4 | . . . . . . . . 1 . . . . . . . . 1 . . . . . . . . 1 . 1 . . . . . . . Combat Hostiles 4 | . . . . . . . . 1 . . . . . . . . 1 . . . . . . . . 1 . 1 . . . . . . . Parts Fried 18 | . . . . . . . . 6 . . . . . . 2 . . . . . . . . . . 1 . 9 . . . . . . . Impact Corruptions . | . . . . . . . . . . . . . . . . . . . . . . . . . . . . . . . . . . . . Robots Melted 6 | . . . . . . . . 1 . . . . . . . . . . . . . . . . . 1 . . . . . . . . 4 Combat Hostiles 6 | . . . . . . . . 1 . . . . . . . . . . . . . . . . . 1 . . . . . . . . 4 Parts Melted 14 | . . . . . . . 1 1 . . . . . . . . . . . . . . . . . . . . . . . . . . 12 Heat Transferred 5968 | . 259 148 185 250 . . 600 800 . . . . . . . . . . . . . . 148 . . 480 . 160 . . . . . 407 2531 Parts Sabotaged . | . . . . . . . . . . . . . . . . . . . . . . . . . . . . . . . . . . . . Parts Stolen 10 | . . . . . . . . . . . . 4 . . . . 4 . . . . . 1 . . . . 1 . . . . . . . Parts Stripped . | . . . . . . . . . . . . . . . . . . . . . . . . . . . . . . . . . . . . Power Chain Reactions . | . . . . . . . . . . . . . . . . . . . . . . . . . . . . . . . . . . . . Missiles Intercepted . | . . . . . . . . . . . . . . . . . . . . . . . . . . . . . . . . . . . . Alert | -11 -10 -10 -9 -9 -9 -8 -8 -7 -7 -7 -7 -7 -7 -6 -6 -6 -6 -6 -6 -5 -5 -5 -5 -5 -4 -4 -4 -4 -4 -3 -3 -3 -2 -2 -2 ------- Run | Scr Mat Min Mat Min Exi Min Mat Fac Was Fac Low Low Dat Pro Fac Low Low Zio Dee Pro Fac Upp Upp Zhi Pro Fac Upp Upp War Pro Res Tes Res Qua Sec Peak Influence 1809 | . 54 30 291 143 . 91 209 619 223 251 . . . . 226 . . . . . 700 . . . . 357 . . . . 369 382 431 603 1809 Initial 242 | . . 21 11 58 . . 35 68 216 74 . . . . 76 . . . . . 126 . . . . 94 . . . . 9 207 117 242 217 Average 348 | . 30 9 181 55 . 59 109 348 197 164 . . . . 132 . . . . . 440 . . . . 179 . . . . 126 271 188 402 792 Maximum Alert Level 5 | . . . 1 . . . 1 2 1 1 . . . . 1 . . . . . 3 . . . . 1 . . . . 1 1 2 2 5 Low Security (%) 43 | 100 100 100 45 100 . 100 83 17 21 72 . . . . 93 . . . . . 12 . . . . 68 . . . . 78 9 69 . 16 Level 1 31 | . . . 54 . . . 16 39 78 27 . . . . 6 . . . . . 21 . . . . 31 . . . . 21 90 29 62 19 Level 2 12 | . . . . . . . . 42 . . . . . . . . . . . . 64 . . . . . . . . . . . 1 37 12 Level 3 3 | . . . . . . . . . . . . . . . . . . . . . . . . . . . . . . . . . . . 15 Level 4 6 | . . . . . . . . . . . . . . . . . . . . . . . . . . . . . . . . . . . 25 Level 5 2 | . . . . . . . . . . . . . . . . . . . . . . . . . . . . . . . . . . . 8 High Security . | . . . . . . . . . . . . . . . . . . . . . . . . . . . . . . . . . . . 2 Max Security . | . . . . . . . . . . . . . . . . . . . . . . . . . . . . . . . . . . . . Squads Dispatched 70 | . . . 4 . . . 3 4 . 1 . . . . 1 . 1 . . . 7 . . . 2 5 . . . . 7 5 4 5 21 Investigation 12 | . . . 3 . . . . . . . . . . . . . . . . . 3 . . . . 1 . . . . . 3 2 . . Extermination 17 | . . . . . . . . 1 . . . . . . . . . . . . . . . . . 1 . . . . 2 2 . 3 8 Reinforcement 23 | . . . 1 . . . 3 2 . 1 . . . . 1 . . . . . 1 . . . . 3 . . . . 2 . 2 2 5 Assault 10 | . . . . . . . . . . . . . . . . . 1 . . . . . . . 2 . . . . . . . . . 7 Garrison 8 | . . . . . . . . 1 . . . . . . . . . . . . 3 . . . . . . . . . 3 . . . 1 Intercept . | . . . . . . . . . . . . . . . . . . . . . . . . . . . . . . . . . . . . Searches Triggered . | . . . . . . . . . . . . . . . . . . . . . . . . . . . . . . . . . . . . Data Miner Redirects 10 | . . . . . . . . . . . . . . . . . . . . . 2 . . . . 1 . . . . . 3 . . 4 Construction Impeded . | . . . . . . . . . . . . . . . . . . . . . . . . . . . . . . . . . . . . Haulers Reinforced 2 | . . . . . . . . . . . . . . . . . . . . . . . . . . 1 . . . . . . 1 . . Active Scanning Responses . | . . . . . . . . . . . . . . . . . . . . . . . . . . . . . . . . . . . . Cargo Convoy Interrupts . | . . . . . . . . . . . . . . . . . . . . . . . . . . . . . . . . . . . . Stealth | -11 -10 -10 -9 -9 -9 -8 -8 -7 -7 -7 -7 -7 -7 -6 -6 -6 -6 -6 -6 -5 -5 -5 -5 -5 -4 -4 -4 -4 -4 -3 -3 -3 -2 -2 -2 --------- Run | Scr Mat Min Mat Min Exi Min Mat Fac Was Fac Low Low Dat Pro Fac Low Low Zio Dee Pro Fac Upp Upp Zhi Pro Fac Upp Upp War Pro Res Tes Res Qua Sec Distress Signals 16 | . . . 1 . . . 1 . . . . . . . 1 . . . . . 1 . . . . 3 . . 1 . . . 5 2 1 Communications Jammed 40 | . . . . . . . . . . . . . . . . . . . . . . . . . . . . . . . . . . . 40 Distress Signals 40 | . . . . . . . . . . . . . . . . . . . . . . . . . . . . . . . . . . . 40 Times Spotted 489 | . 2 2 22 9 . 3 28 18 11 6 1 4 . 7 7 . 25 . 6 12 30 10 10 . 8 20 2 18 25 1 23 22 16 35 106 Peak Tracking Total 15 | . 2 2 11 4 . 3 6 4 6 3 1 4 . 3 3 . 14 . 3 5 6 6 5 . 8 10 3 6 15 1 5 4 13 6 14 Tactical Retreats 41 | . . 1 . . . . . . 3 . . . . 2 1 . 4 . . 2 1 . . . 2 4 1 4 2 1 . 1 5 . 7 Traps | -11 -10 -10 -9 -9 -9 -8 -8 -7 -7 -7 -7 -7 -7 -6 -6 -6 -6 -6 -6 -5 -5 -5 -5 -5 -4 -4 -4 -4 -4 -3 -3 -3 -2 -2 -2 ------- Run | Scr Mat Min Mat Min Exi Min Mat Fac Was Fac Low Low Dat Pro Fac Low Low Zio Dee Pro Fac Upp Upp Zhi Pro Fac Upp Upp War Pro Res Tes Res Qua Sec Traps Triggered 12 | . . . 3 . . . 2 2 . . . . . . . . . . . . . . . . . . . . . . 2 1 . 1 1 Indirectly . | . . . . . . . . . . . . . . . . . . . . . . . . . . . . . . . . . . . . Trap Hack Attempts . | . . . . . . . . . . . . . . . . . . . . . . . . . . . . . . . . . . . . Triggered . | . . . . . . . . . . . . . . . . . . . . . . . . . . . . . . . . . . . . Disarmed . | . . . . . . . . . . . . . . . . . . . . . . . . . . . . . . . . . . . . Reprogrammed . | . . . . . . . . . . . . . . . . . . . . . . . . . . . . . . . . . . . . Reused 2 | . . . . . . . . . . . . . . . . . 2 . . . . . . . . . . . . . . . . . . Traps Extracted . | . . . . . . . . . . . . . . . . . . . . . . . . . . . . . . . . . . . . Installed 3 | . . . . . . . . . . . . . . . . . 3 . . . . . . . . . . . . . . . . . . Triggered 10 | . . . . . . . . . . . . . . . . . 2 . . . . . . . . . . . 8 . . . . . . Most Traps Carried 6 | . . 3 2 2 2 . . . . . 4 6 6 6 6 6 6 3 3 3 . . . . . . . . . . . . . . . Exploded 1 | . . . . . 1 . . . . . . . . . . . . . . . . . . . . . . . . . . . . . . Machines | -11 -10 -10 -9 -9 -9 -8 -8 -7 -7 -7 -7 -7 -7 -6 -6 -6 -6 -6 -6 -5 -5 -5 -5 -5 -4 -4 -4 -4 -4 -3 -3 -3 -2 -2 -2 ---------- Run | Scr Mat Min Mat Min Exi Min Mat Fac Was Fac Low Low Dat Pro Fac Low Low Zio Dee Pro Fac Upp Upp Zhi Pro Fac Upp Upp War Pro Res Tes Res Qua Sec Machines Disabled 56 | . . . 3 . . . . 13 . 1 . . . . . 1 . . . . 2 1 . . . 1 . 1 . . . 2 3 8 20 Max in Single Turn 5 | . . . 3 . . . . 5 . 1 . . . . . 1 . . . . 2 1 . . . 1 . 1 . . . 1 3 1 2 Garrison Access 2 | . . . . . . . . . . . . . . . . . . . . . . . . . . . . . . . . . 2 . . Machines Sabotaged . | . . . . . . . . . . . . . . . . . . . . . . . . . . . . . . . . . . . . Garrisons Compromised . | . . . . . . . . . . . . . . . . . . . . . . . . . . . . . . . . . . . . Overloaded Fab Kills . | . . . . . . . . . . . . . . . . . . . . . . . . . . . . . . . . . . . . Hacking | -11 -10 -10 -9 -9 -9 -8 -8 -7 -7 -7 -7 -7 -7 -6 -6 -6 -6 -6 -6 -5 -5 -5 -5 -5 -4 -4 -4 -4 -4 -3 -3 -3 -2 -2 -2 --------- Run | Scr Mat Min Mat Min Exi Min Mat Fac Was Fac Low Low Dat Pro Fac Low Low Zio Dee Pro Fac Upp Upp Zhi Pro Fac Upp Upp War Pro Res Tes Res Qua Sec Machines Accessed 84 | . . . 1 . 2 . 3 2 . 2 . 2 4 . . . 1 . . . 7 1 . 4 . 9 . . 3 . 10 12 4 8 9 Terminals 50 | . . . 1 . . . 3 1 . . . 1 . . . . . . . . 3 . . . . 8 . . . . 6 9 3 7 8 Fabricators 8 | . . . . . . . . 1 . . . . . . . . . . . . 3 . . . . 1 . . . . 1 2 . . . Repair Stations 5 | . . . . . . . . . . 1 . . . . . . . . . . . . . . . . . . . . 1 . 1 1 1 Recycling Units . | . . . . . . . . . . . . . . . . . . . . . . . . . . . . . . . . . . . . Scanalyzers 5 | . . . . . . . . . . 1 . . . . . . . . . . 1 . . . . . . . . . 2 1 . . . Garrison Access . | . . . . . . . . . . . . . . . . . . . . . . . . . . . . . . . . . . . . Total Hacks 224 | . . . 3 . 3 . 6 5 . 4 . 2 30 . . . 1 . . . 17 1 . 16 . 40 . . 7 . 18 29 11 16 15 Successful 168 | . . . 1 . 3 . 4 3 . 4 . 2 30 . . . 1 . . . 12 1 . 16 . 33 . . 7 . 7 21 6 7 10 Failed 55 | . . . 2 . . . 2 2 . . . . . . . . . . . . 5 . . . . 6 . . . . 11 8 5 9 5 Catastrophic 5 | . . . . . . . . 1 . . . . . . . . . . . . 1 . . . . . . . . . 1 . 1 1 . Database Lockouts 1 | . . . . . . . . . . . . . . . . . . . . . . . . . . 1 . . . . . . . . . Manual 64 | . . . . . 1 . 1 1 . . . . . . . 1 . 5 . . 6 . . . . 17 . . 1 . 5 11 4 5 6 Terminals 127 | . . . 3 . . . 6 4 . . . 1 . . . . . . . . 9 . . . . 36 . . . . 10 22 8 15 13 Fabricators 17 | . . . . . . . . 1 . . . . . . . . . . . . 5 . . . . 4 . . . . 2 5 . . . Repair Stations 11 | . . . . . . . . . . 2 . . . . . . . . . . . . . . . . . . . . 3 . 3 1 2 Recycling Units . | . . . . . . . . . . . . . . . . . . . . . . . . . . . . . . . . . . . . Scanalyzers 10 | . . . . . . . . . . 2 . . . . . . . . . . 3 . . . . . . . . . 3 2 . . . Garrison Access . | . . . . . . . . . . . . . . . . . . . . . . . . . . . . . . . . . . . . Terminal Hacks 124 | . . . 1 . 3 . 4 2 . . . 2 30 . . . 1 . . . 4 1 . 16 . 23 . . 7 . 3 10 5 4 8 Record 22 | . . . . . 2 . 1 . . . . 1 11 . . . . . . . . . . 5 . 1 . . . . . . 1 . . Part Schematic 20 | . . . . . . . . . . . . . 11 . . . . . . . 1 . . 3 . 2 . . . . . 2 1 . . Robot Schematic 5 | . . . . . . . . . . . . . 5 . . . . . . . . . . . . . . . . . . . . . . Robot Analysis 5 | . . . . . . . . . . . . . . . . . . . . . . . . 4 . 1 . . . . . . . . . Prototype ID Bank 12 | . . . . . . . . . . . . . 3 . . . . . . . . . . 4 . . . . 5 . . . . . . Open Door 10 | . . . . . . . . . . . . 1 . . . . 1 . . . . 1 . . . . . . 2 . . . . . 5 Open DSF 2 | . . . . . . . . . . . . . . . . . . . . . . . . . . . . . . . 1 . 1 . . Level Access Points 2 | . . . . . . . . . . . . . . . . . . . . . . . . . . . . . . . . 1 . 1 . Branch Access Points 8 | . . . 1 . . . 1 1 . . . . . . . . . . . . 1 . . . . 2 . . . . 1 . 1 . . Emergency Access Points 4 | . . . . . . . 1 . . . . . . . . . . . . . . . . . . 3 . . . . . . . . . Machine Index 1 | . . . . . . . . . . . . . . . . . . . . . . . . . . 1 . . . . . . . . . Terminal Index 2 | . . . . . . . . . . . . . . . . . . . . . . . . . . 1 . . . . . 1 . . . Fabricator Index 4 | . . . . . . . . . . . . . . . . . . . . . 1 . . . . 1 . . . . . 1 1 . . Alert Level 3 | . . . . . . . . . . . . . . . . . . . . . . . . . . 1 . . . . . . . 2 . Unreport Threat 6 | . . . . . . . . . . . . . . . . . . . . . . . . . . 2 . . . . . 1 . 1 2 Locate Traps 6 | . . . . . . . . . . . . . . . . . . . . . . . . . . 3 . . . . . 2 . . 1 Recall Extermination 2 | . . . . . . . . . . . . . . . . . . . . . . . . . . 1 . . . . . 1 . . . Hauler Manifests 4 | . . . . . . . . 1 . . . . . . . . . . . . 1 . . . . 1 . . . . . 1 . . . Registered Prototypes 1 | . . . . . . . . . . . . . . . . . . . . . . . . . . 1 . . . . . . . . . Zone Layout 4 | . . . . . . . 1 . . . . . . . . . . . . . . . . . . 2 . . . . 1 . . . . EX-Prototype ID Bank 1 | . . . . . 1 . . . . . . . . . . . . . . . . . . . . . . . . . . . . . . Fabricator Hacks 10 | . . . . . . . . 1 . . . . . . . . . . . . 4 . . . . 2 . . . . . 3 . . . Network Status 1 | . . . . . . . . 1 . . . . . . . . . . . . . . . . . . . . . . . . . . . Load Schematic 5 | . . . . . . . . . . . . . . . . . . . . . 2 . . . . 1 . . . . . 2 . . . Build 4 | . . . . . . . . . . . . . . . . . . . . . 2 . . . . 1 . . . . . 1 . . . Repair Station Hacks 5 | . . . . . . . . . . 2 . . . . . . . . . . . . . . . . . . . . 1 . 1 . 1 Scan Component 4 | . . . . . . . . . . 1 . . . . . . . . . . . . . . . . . . . . 1 . 1 . 1 Repair 1 | . . . . . . . . . . 1 . . . . . . . . . . . . . . . . . . . . . . . . . Recycling Unit Hacks . | . . . . . . . . . . . . . . . . . . . . . . . . . . . . . . . . . . . . Scanalyzer 7 | . . . . . . . . . . 2 . . . . . . . . . . 3 . . . . . . . . . 2 . . . . Insert Component 5 | . . . . . . . . . . 1 . . . . . . . . . . 2 . . . . . . . . . 2 . . . . Analyze 2 | . . . . . . . . . . 1 . . . . . . . . . . 1 . . . . . . . . . . . . . . Garrison Access Hacks . | . . . . . . . . . . . . . . . . . . . . . . . . . . . . . . . . . . . . Unauthorized Hacks 22 | . . . . . . . . . . . . . . . . . . . . . 1 . . . . 8 . . . . 1 8 . 3 1 Terminals 19 | . . . . . . . . . . . . . . . . . . . . . 1 . . . . 7 . . . . 1 6 . 3 1 Track 12 | . . . . . . . . . . . . . . . . . . . . . . . . . . 4 . . . . 1 4 . 2 1 Assimilate 2 | . . . . . . . . . . . . . . . . . . . . . . . . . . 1 . . . . . . . 1 . Botnet 5 | . . . . . . . . . . . . . . . . . . . . . 1 . . . . 2 . . . . . 2 . . . Fabricators 2 | . . . . . . . . . . . . . . . . . . . . . . . . . . 1 . . . . . 1 . . . Prioritize 2 | . . . . . . . . . . . . . . . . . . . . . . . . . . 1 . . . . . 1 . . . Repair Stations . | . . . . . . . . . . . . . . . . . . . . . . . . . . . . . . . . . . . . Recycling Units . | . . . . . . . . . . . . . . . . . . . . . . . . . . . . . . . . . . . . Scanalyzers 1 | . . . . . . . . . . . . . . . . . . . . . . . . . . . . . . . . 1 . . . Researchers 1 | . . . . . . . . . . . . . . . . . . . . . . . . . . . . . . . . 1 . . . Garrison Access . | . . . . . . . . . . . . . . . . . . . . . . . . . . . . . . . . . . . . Data Cores Recovered 1 | . . . . . . . . . . . . . . . . . . . . . . . . . . . . . . . . 1 . . . Used . | . . . . . . . . . . . . . . . . . . . . . . . . . . . . . . . . . . . . Hacking Detections 56 | . . . 1 . . . 3 1 . 1 . . . . . . . . . . 7 . . . . 7 . . . . 9 12 3 7 5 Full Trace Events 9 | . . . . . . . . . . . . . . . . . . . . . 3 . . . . 1 . . . . . 3 2 . . Feedback Events . | . . . . . . . . . . . . . . . . . . . . . . . . . . . . . . . . . . . . Feedback Blocked 2 | . . . . . . . . . . . . . . . . . . . . . . . . . . . . . . . . . 2 . . Robot Schematics Acquired 8 | . . . . . . . . . . . . . 5 . . . . 3 . . . . . . . . . . . . . . . . . Robots Built . | . . . . . . . . . . . . . . . . . . . . . . . . . . . . . . . . . . . . Authchips . | . . . . . . . . . . . . . . . . . . . . . . . . . . . . . . . . . . . . Time . | . . . . . . . . . . . . . . . . . . . . . . . . . . . . . . . . . . . . Total Robot Build Rating . | . . . . . . . . . . . . . . . . . . . . . . . . . . . . . . . . . . . . Part Schematics Acquired 37 | . . . . . . . . . . 1 . . 11 . . . . 15 . . 2 . . 3 . 2 . . . . . 2 1 . . Parts Built 4 | . . . . . . . . . . . . . . . . . . . . . 2 . . . . 1 . . . . . 1 . . . Authchips . | . . . . . . . . . . . . . . . . . . . . . . . . . . . . . . . . . . . . Time 328 | . . . . . . . . . . . . . . . . . . . . . 182 . . . . 29 . . . . . 117 . . . Total Part Build Rating 25 | . . . . . . . . . . . . . . . . . . . . . 11 . . . . 7 . . . . . 7 . . . Parts Repaired 1 | . . . . . . . . . . 1 . . . . . . . . . . . . . . . . . . . . . . . . . Time 112 | . . . . . . . . . . 112 . . . . . . . . . . . . . . . . . . . . . . . . . Parts Recycled . | . . . . . . . . . . . . . . . . . . . . . . . . . . . . . . . . . . . . Recycled Matter . | . . . . . . . . . . . . . . . . . . . . . . . . . . . . . . . . . . . . Retrieved Matter . | . . . . . . . . . . . . . . . . . . . . . . . . . . . . . . . . . . . . Retrieved Components . | . . . . . . . . . . . . . . . . . . . . . . . . . . . . . . . . . . . . Parts Scanalyzed 2 | . . . . . . . . . . 1 . . . . . . . . . . 1 . . . . . . . . . . . . . . Part Schematics Acquired 2 | . . . . . . . . . . 1 . . . . . . . . . . 1 . . . . . . . . . . . . . . Parts Damaged . | . . . . . . . . . . . . . . . . . . . . . . . . . . . . . . . . . . . . Bothacking | -11 -10 -10 -9 -9 -9 -8 -8 -7 -7 -7 -7 -7 -7 -6 -6 -6 -6 -6 -6 -5 -5 -5 -5 -5 -4 -4 -4 -4 -4 -3 -3 -3 -2 -2 -2 ------------ Run | Scr Mat Min Mat Min Exi Min Mat Fac Was Fac Low Low Dat Pro Fac Low Low Zio Dee Pro Fac Upp Upp Zhi Pro Fac Upp Upp War Pro Res Tes Res Qua Sec Used RIF Installer . | . . . . . . . . . . . . . . . . . . . . . . . . . . . . . . . . . . . . Robots Hacked 1 | . . . . . . . . . . . . . . . . . . . . . . . . . . . . . . . 1 . . . . Non-combat . | . . . . . . . . . . . . . . . . . . . . . . . . . . . . . . . . . . . . Combat 1 | . . . . . . . . . . . . . . . . . . . . . . . . . . . . . . . 1 . . . . Robot Hacks Applied 1 | . . . . . . . . . . . . . . . . . . . . . . . . . . . . . . . 1 . . . . parse_system 1 | . . . . . . . . . . . . . . . . . . . . . . . . . . . . . . . 1 . . . . Relay Couplers Released 3 | . . . . . . . . . . . . . . . . . . . . . . . . . . . . . . . . . 3 . . Machine Destruction 3 | . . . . . . . . . . . . . . . . . . . . . . . . . . . . . . . . . 3 . . Fabnet Peak Effective % . | . . . . . . . . . . . . . . . . . . . . . . . . . . . . . . . . . . . . Robots Rewired 2 | . . . . . . . . . . . . . . . . . . . . . . 2 . . . . . . . . . . . . . Allies Hacked . | . . . . . . . . . . . . . . . . . . . . . . . . . . . . . . . . . . . . Hacks Repelled . | . . . . . . . . . . . . . . . . . . . . . . . . . . . . . . . . . . . . Allies | -11 -10 -10 -9 -9 -9 -8 -8 -7 -7 -7 -7 -7 -7 -6 -6 -6 -6 -6 -6 -5 -5 -5 -5 -5 -4 -4 -4 -4 -4 -3 -3 -3 -2 -2 -2 -------- Run | Scr Mat Min Mat Min Exi Min Mat Fac Was Fac Low Low Dat Pro Fac Low Low Zio Dee Pro Fac Upp Upp Zhi Pro Fac Upp Upp War Pro Res Tes Res Qua Sec Total Allies 36 | . . 2 . 3 . . . . 19 . . . . 1 . . . 7 . . . 2 . . . 1 . . . . . . . 1 . Largest Group 19 | . . 2 . 3 3 3 3 . 19 1 . . . 1 . . . 7 7 3 . 2 2 . . 1 . . . . . . . 1 . Highest-Rated Group 475 | . . 46 . 40 40 40 40 . 475 27 . . . 96 . . . 335 335 223 . 58 58 . . 26 . . . . . . . 10 . Highest-Rated Ally 96 | . . 31 . 16 16 16 16 . 35 27 . . . 96 . . . 96 96 96 . 29 29 . . 26 . . . . . . . 10 . Total Orders 26 | . . . . . . . . . . . . . . . . . . . . . . . . . . . . . . . 7 2 . 4 13 RETURN 26 | . . . . . . . . . . . . . . . . . . . . . . . . . . . . . . . 7 2 . 4 13 Ally Attacks 424 | . . 6 . 8 . 31 51 . 105 . . . . 19 . . . . 57 17 . . 24 . . . . . . . 15 5 . 26 60 Total Damage 19287 | . . 106 . 62 . 366 578 . 2612 . . . . 787 . . . . 948 707 . . 361 . . . . . . . 1407 495 . 3199 7659 Kills 81 | . . 4 . 3 . 2 5 . 6 . . . . 1 . . . . 6 1 . . 1 . . . . . . . 12 2 . 12 26 Allies Corrupted . | . . . . . . . . . . . . . . . . . . . . . . . . . . . . . . . . . . . . Allies Melted . | . . . . . . . . . . . . . . . . . . . . . . . . . . . . . . . . . . . . Intel | -11 -10 -10 -9 -9 -9 -8 -8 -7 -7 -7 -7 -7 -7 -6 -6 -6 -6 -6 -6 -5 -5 -5 -5 -5 -4 -4 -4 -4 -4 -3 -3 -3 -2 -2 -2 ------- Run | Scr Mat Min Mat Min Exi Min Mat Fac Was Fac Low Low Dat Pro Fac Low Low Zio Dee Pro Fac Upp Upp Zhi Pro Fac Upp Upp War Pro Res Tes Res Qua Sec Robot Analysis Total 5 | . . . . . . . . . . . . . . . . . . . . . . . . 4 . 1 . . . . . . . . . Derelict Logs Recovered 9 | . . . . 2 . . . . . . . 1 . 1 . . 1 2 . 2 . . . . . . . . . . . . . . . Drone Launches 26 | . . . . . . . . . . . . . . . . . . . . . . . . . . . . . . . 7 2 . 4 13 Drone Recoveries 26 | . . . . . . . . . . . . . . . . . . . . . . . . . . . . . . . 7 2 . 4 13 Exploration | -11 -10 -10 -9 -9 -9 -8 -8 -7 -7 -7 -7 -7 -7 -6 -6 -6 -6 -6 -6 -5 -5 -5 -5 -5 -4 -4 -4 -4 -4 -3 -3 -3 -2 -2 -2 ------------- Run | Scr Mat Min Mat Min Exi Min Mat Fac Was Fac Low Low Dat Pro Fac Low Low Zio Dee Pro Fac Upp Upp Zhi Pro Fac Upp Upp War Pro Res Tes Res Qua Sec Turns Passed 17088 | 3 149 334 497 1091 356 231 754 543 176 163 126 212 44 230 176 170 285 559 518 206 573 618 473 296 237 388 145 281 703 315 995 825 338 1416 2662 Spaces Moved 16358 | 3 89 301 196 447 254 154 505 377 275 211 222 322 88 317 300 326 555 987 744 394 444 250 229 148 515 572 299 506 1192 389 511 938 528 1146 1624 Core 71 | . . 64 6 . . . . . . . . 1 . . . . . . . . . . . . . . . . . . . . . . . Treads 1441 | . . . 115 . . . . . . . . . . . . . . . . . . . . . . . . . . . . . . 123 1203 Legs 1443 | 3 89 237 75 447 36 . . . . . . . . . . . . . . . . 181 229 146 . . . . . . . . . . . Wheels 1410 | . . . . . 218 154 505 371 . . . . . . . . . . . . 93 69 . . . . . . . . . . . . . Hover 6475 | . . . . . . . . . . . . . . . . . . . . . . . . 2 515 572 299 506 1192 389 511 938 528 1023 . Flight 5097 | . . . . . . . . 6 275 211 222 321 88 317 300 326 555 987 744 394 351 . . . . . . . . . . . . . . Fastest Speed 27 | 120 120 50 50 190 115 105 105 50 50 50 50 50 50 50 42 42 42 42 42 42 42 200 120 42 30 27 42 27 27 42 48 46 44 46 140 Average Speed 82 | 120 120 105 190 229 135 113 105 121 50 50 50 51 50 50 45 42 42 46 42 42 73 243 189 188 41 40 42 41 55 60 125 65 49 81 149 Slowest Speed 500 | 120 190 120 260 260 260 115 140 145 50 50 50 500 50 50 50 42 50 50 42 42 355 260 260 190 42 92 42 42 88 93 186 153 98 186 240 Overloaded Moves 238 | . . . . . . . . . . . . . . . . . . . . . . . . . 35 3 . 2 40 112 . . 46 . . Propulsion Burnouts . | . . . . . . . . . . . . . . . . . . . . . . . . . . . . . . . . . . . . Robots Hopped 10 | . . . . . . . . . 8 . . . . . 2 . . . . . . . . . . . . . . . . . . . . Cave-ins Triggered . | . . . . . . . . . . . . . . . . . . . . . . . . . . . . . . . . . . . . Teleports 3 | . . . . . . . . . . . . . . . . . . . . . . . . . . . . . . . . . . . 3 Microwarps 26 | . . . . . . . . . . . . . . . . . . . . . . . . . . . . . . . . . . . 26 Exploration Rate (%) 51 | 2 23 57 20 93 60 39 53 14 95 4 47 50 74 50 14 48 74 86 54 71 13 42 35 61 77 22 53 66 93 59 17 87 22 89 73 Regions Visited 35 Branch Regions 24 Pre-discovered Areas 7 | . . . . 1 1 . . . . . . . 1 . . . . 1 . . . . . 3 . . . . . . . . . . . Known Exits Taken 20 | . . . 1 . . . 1 . . 1 1 1 1 1 1 1 . . . 1 1 . . . . 1 1 1 1 1 1 1 1 1 . Unknown Exits Taken 13 | 1 1 1 . 1 1 1 . . . . . . . . . . 1 1 1 . . 1 1 1 1 . . . . . . . . . . Scrap Searched 33 | . . . . 1 . 1 . . . . 6 3 . . . 1 1 5 . 4 . 1 1 . 3 . 2 1 . 3 . . . . . Spaces Dug 78 | . . . . . . . . . . 2 1 . . . . . . . . . . . . . . 10 . 1 . . 6 6 4 6 42 Terrain Destroyed 848 | . . . 77 . . . 28 157 2 17 1 2 . . . . 48 . 30 46 47 9 41 . 15 18 . 68 . . 79 6 15 18 124 Melee 22 | . . . . . . . . . . 1 1 . . . . . . . . . . . . . . . . . . . 6 6 4 4 . Projectile 118 | . . . 1 . . . 4 . 2 2 . 2 . . . . . . . . 5 9 3 . . 11 . 1 . . 1 . . 14 63 AOE 706 | . . . 76 . . . 24 157 . 14 . . . . . . 48 . 30 46 42 . 38 . 15 7 . 66 . . 72 . 11 . 60 Terrain Rammed . | . . . . . . . . . . . . . . . . . . . . . . . . . . . . . . . . . . . . Walls Destroyed . | . . . . . . . . . . . . . . . . . . . . . . . . . . . . . . . . . . . . Machines Disabled . | . . . . . . . . . . . . . . . . . . . . . . . . . . . . . . . . . . . . Actions | -11 -10 -10 -9 -9 -9 -8 -8 -7 -7 -7 -7 -7 -7 -6 -6 -6 -6 -6 -6 -5 -5 -5 -5 -5 -4 -4 -4 -4 -4 -3 -3 -3 -2 -2 -2 --------- Run | Scr Mat Min Mat Min Exi Min Mat Fac Was Fac Low Low Dat Pro Fac Low Low Zio Dee Pro Fac Upp Upp Zhi Pro Fac Upp Upp War Pro Res Tes Res Qua Sec Total 19028 | 2 107 312 267 481 267 187 632 442 299 253 232 357 87 378 332 358 594 1081 939 429 613 260 254 169 539 700 317 552 1232 465 777 1108 579 1541 1886 Wait 1443 | . 1 . 11 3 5 17 40 3 11 26 7 7 . 53 21 18 12 82 142 29 90 1 3 . 7 43 13 18 8 72 164 73 10 136 317 Move 15913 | 2 88 300 195 446 253 153 504 377 263 210 221 321 87 316 295 325 554 986 743 393 443 249 228 147 514 571 298 505 1191 388 510 937 527 1145 1228 Hop 5 | . . . . . . . . . 3 . . . . . 2 . . . . . . . . . . . . . . . . . . . . Pick Up 152 | . 2 3 6 3 3 . 6 10 3 . . 5 . . 1 5 5 5 4 1 2 2 2 2 4 12 1 6 8 . 6 12 5 15 13 Fast Attach 207 | . 1 . 5 3 . 2 12 5 2 2 . 2 . . 5 1 2 2 11 . 11 2 8 5 3 8 . 1 5 1 11 17 5 40 35 Attach 134 | . . 1 4 2 1 . . 2 1 . . 3 . . 1 2 . 2 1 . 7 1 4 . 2 9 2 2 4 . 5 8 4 34 32 Detach 141 | . 1 . 2 . . . . 4 2 1 . 2 . . 1 2 . . 6 . 7 . 2 4 2 7 1 1 1 1 11 5 3 41 34 Swap 59 | . . . 2 1 1 . 6 5 2 3 1 . . . 1 1 . 1 3 1 1 . . 1 . 5 2 . 1 . 3 4 . 6 8 Drop 225 | . 1 3 . . 4 1 9 14 5 . . 6 . . 2 3 6 2 16 1 6 . . 10 6 10 . 4 14 1 7 22 6 43 23 Fire 569 | . 13 4 42 23 . 14 54 22 7 10 . 7 . 9 3 . 5 . 13 4 27 . 7 . 1 35 . 15 . 2 12 . 1 47 192 Melee 168 | . . . . . . . 1 . . 1 3 4 . . . 1 7 1 . . 19 . . . . . . . . . 48 30 18 34 1 Ram 1 | . . 1 . . . . . . . . . . . . . . . . . . . . . . . . . . . . . . . . . Kick . | . . . . . . . . . . . . . . . . . . . . . . . . . . . . . . . . . . . . Crush 3 | . . . . . . . . . . . . . . . . . . . . . . . . . . . . . . . . . . . 3 Escape Stasis . | . . . . . . . . . . . . . . . . . . . . . . . . . . . . . . . . . . . . Rewire 5 | . . . . . . . . . . . . . . . . . . . . . . 5 . . . . . . . . . . . . . Trap 3 | . . . . . . . . . . . . . . . . . 3 . . . . . . . . . . . . . . . . . . Miscellaneous . | . . . . . . . . . . . . . . . . . . . . . . . . . . . . . . . . . . . . Route ------- -11/Scrapyard -10/Materials (discovered 2 exits: *Mat / [*Min]) -10/Mines -9/Materials (discovered 2 exits: *Min x2) -9/Mines (discovered 2 exits: *Mat / *Exi) -9/Exiles (discovered 2 exits: [*Min x2]) -8/Mines -8/Materials -7/Factory (discovered 4 exits: Sto x2 / Low x2) -7/Waste -7/Factory -7/Lower Caves -7/Lower Caves -7/Data Miner -6/Proximity Caves -6/Factory (discovered 2 exits: Fac / *Low) -6/Lower Caves -6/Lower Caves -6/Zion (discovered 2 exits: [*Dee] / [*Pro]) -6/Deep Caves -5/Proximity Caves -5/Factory (discovered 2 exits: *Upp x2) -5/Upper Caves -5/Upper Caves -5/Zhirov -4/Proximity Caves -4/Factory (discovered 5 exits: *Upp x2 / *Ext x2 / Arm) -4/Upper Caves -4/Upper Caves (discovered 2 exits: *Res / *War) -4/Warlord -3/Proximity Caves -3/Research (discovered 2 exits: *Tes x2) -3/Testing -2/Research (discovered 2 exits: *Qua x2) -2/Quarantine -2/Section 7 History --------- Turn | Location | Event 1 | -11/Scrapyard | Discovered new exit (range 2) 4 | -11/Scrapyard | Entered Materials 120 | -10/Materials | Discovered new exit (range 11) 135 | -10/Materials | Discovered new exit (range 16) 153 | -10/Materials | Entered Mines 242 | -10/Mines | Assembled infested the area 247 | -10/Mines | Assisted by a Guerilla fighting off Assembled 302 | -10/Mines | Found a hidden stash of uninstalled traps 331 | -10/Mines | Build established: Mutant 355 | -10/Mines | Discovered new exit (range 7) 487 | -10/Mines | Lost 4 parts (1p1n2w) 487 | -10/Mines | Entered Materials 487 | -9/Materials | Evolved 2 slots: Utility x2 951 | -9/Materials | Discovered new exit (range 16) 963 | -9/Materials | Identified exit to Mines 984 | -9/Materials | Entered Mines 1014 | -9/Mines | Lost 3 parts (1n1u1w) 1024 | -9/Mines | Discovered new exit (range 8) 1045 | -9/Mines | Learned Materials terminal intel 1134 | -9/Mines | Received a Rocket Launcher from a helpful Derelict 1873 | -9/Mines | Assisted by bots powering up and referring to "LRC-V3" 2054 | -9/Mines | Deemed a non-threat by the Exiles lab entrance 2057 | -9/Mines | Discovered new exit (range 5) 2075 | -9/Mines | Entered Exiles 2075 | -9/Exiles | Accompanied by 3 allies 2114 | -9/Exiles | Discovered new exit (range 15) 2140 | -9/Exiles | Met 8R-AWN 2176 | -9/Exiles | Met EX-HEX 2208 | -9/Exiles | Met EX-BIN 2225 | -9/Exiles | Aligned with FarCom system 2226 | -9/Exiles | Given EX-Vault access code 2260 | -9/Exiles | Opened EX-Vault 2272 | -9/Exiles | Found Flying Fortress v7 2302 | -9/Exiles | Found AWS/Gauss 2308 | -9/Exiles | Found AWS/Autocannon 2313 | -9/Exiles | Exiles lab attacked by MAIN.C 2325 | -9/Exiles | Build established: Scavenger-Mutant 2381 | -9/Exiles | Learned location of Zion (-6) 2413 | -9/Exiles | Discovered new exit (range 14) 2431 | -9/Exiles | Stole three prototypes: Flying Fortress v7, AWS/Gauss, AWS/Autocannon 2431 | -9/Exiles | Entered Mines 2431 | -8/Mines | Accompanied by 3 allies 2645 | -8/Mines | Discovered new exit (range 6) 2662 | -8/Mines | Entered Materials 2662 | -8/Materials | Accompanied by 3 allies 2662 | -8/Materials | Evolved 2 slots: Utility x1, Weapon x1 2663 | -8/Materials | Loaded intel: 12 terminal locations 3151 | -8/Materials | Build established: Scavenger-Assassin 3410 | -8/Materials | Discovered new exit (range 7) 3415 | -8/Materials | Identified exit to Factory 3416 | -8/Materials | Entered Factory 3416 | -7/Factory | Evolved 2 slots: Propulsion x2 3418 | -7/Factory | FarCom data flow suspended 3513 | -7/Factory | Garrison activated, responded to threat 3536 | -7/Factory | Found Prototype Launcher 3536 | -7/Factory | Identified Rocket Array 3681 | -7/Factory | Identified exit to Storage 3681 | -7/Factory | Identified exit to Lower Caves 3785 | -7/Factory | Found Powered Armor 3893 | -7/Factory | Destroyed 7 combat bots 3959 | -7/Factory | Manually triggered Chute Trap 3959 | -7/Factory | Sucked down chute 3959 | -7/Factory | Entered Waste 3966 | -7/Waste | Spotted C-40 Crusher 3967 | -7/Waste | Spotted C-40 Crusher 3971 | -7/Waste | Spotted C-40 Crusher 3984 | -7/Waste | Build established: Mutant 4012 | -7/Waste | Crushed by Compactor (1 part destroyed) 4013 | -7/Waste | Spotted C-40 Crusher 4013 | -7/Waste | Spotted C-40 Crusher 4014 | -7/Waste | Spotted C-40 Crusher 4047 | -7/Waste | Crushed by Compactor (1 part destroyed) 4065 | -7/Waste | Discovered new exit (range 12) 4070 | -7/Waste | Warlord forces began an assault 4115 | -7/Waste | Destroyed C-40 Crusher 4118 | -7/Waste | Allies destroyed C-40 Crusher 4127 | -7/Waste | Found Damper Plating 4127 | -7/Waste | Allies destroyed C-40 Crusher 4135 | -7/Waste | Identified exit to Factory 4135 | -7/Waste | Entered Factory 4135 | -7/Factory | Accompanied by 1 ally 4177 | -7/Factory | Discovered exit to Lower Caves (range 15) 4270 | -7/Factory | Repaired Broken Plasma Sword? 4298 | -7/Factory | Entered Lower Caves 4357 | -7/Lower Caves | Encountered a Warlord checkpoint 4415 | -7/Lower Caves | Discovered new exit (range 18) 4423 | -7/Lower Caves | Identified exit to Lower Caves 4424 | -7/Lower Caves | Entered another Lower Caves area 4430 | -7/Lower Caves | Encountered a Warlord checkpoint 4501 | -7/Lower Caves | Learned location of 1 exit from Factory 4593 | -7/Lower Caves | Spotted UI-WZW(f) 4593 | -7/Lower Caves | Spotted 2U-1A0(f) 4593 | -7/Lower Caves | Spotted AD-ZMQ(f) 4594 | -7/Lower Caves | Encountered a Master Thief 4594 | -7/Lower Caves | Encountered a Master Thief 4594 | -7/Lower Caves | Encountered a Master Thief 4596 | -7/Lower Caves | Plasma Sword stolen by Master Thief 4605 | -7/Lower Caves | Bore Cannon stolen by Master Thief 4605 | -7/Lower Caves | Spotted BJ-76W(f) 4606 | -7/Lower Caves | Encountered a Master Thief 4609 | -7/Lower Caves | Mic. Nuclear Core stolen by Master Thief 4609 | -7/Lower Caves | Rocket Array stolen by Master Thief 4633 | -7/Lower Caves | Discovered new exit (range 6) 4635 | -7/Lower Caves | Identified exit to Data Miner 4636 | -7/Lower Caves | Entered Data Miner 4636 | -7/Data Miner | Discovered new exit (range 6) 4644 | -7/Data Miner | Met Data Miner 4661 | -7/Data Miner | Learned location of Section 7 (-2) 4661 | -7/Data Miner | Acquired the access code to Warlord's prototype stash 4665 | -7/Data Miner | Received God Mode back door access code from Data Miner 4679 | -7/Data Miner | Identified exit to Proximity Caves 4680 | -7/Data Miner | Entered Proximity Caves 4719 | -6/Proximity Caves | Escorted by Enhanced Grunt 4830 | -6/Proximity Caves | Spotted B-75 Beast 4841 | -6/Proximity Caves | Discovered new exit (range 7) 4844 | -6/Proximity Caves | Identified exit to Factory 4851 | -6/Proximity Caves | Learned location of 1 exit from Factory 4880 | -6/Proximity Caves | Received a Behemoth hack from an annoying Tinkerer 4910 | -6/Proximity Caves | Entered Factory 4910 | -6/Factory | Evolved 2 slots: Propulsion x1, Utility x1 4911 | -6/Factory | Identified exit to Factory 4911 | -6/Factory | Identified exit to Lower Caves 5086 | -6/Factory | Entered Lower Caves 5231 | -6/Lower Caves | Discovered new exit (range 9) 5234 | -6/Lower Caves | Identified exit to Lower Caves 5245 | -6/Lower Caves | Acquired the password to a Derelict Tinkerer's latest research 5249 | -6/Lower Caves | Found Prototype Special Weapon 5256 | -6/Lower Caves | Entered another Lower Caves area 5437 | -6/Lower Caves | Attracted the attention of an 0b10 outpost 5456 | -6/Lower Caves | Encountered a Warlord checkpoint 5461 | -6/Lower Caves | Learned Factory terminal intel 5502 | -6/Lower Caves | Discovered new exit (range 16) 5503 | -6/Lower Caves | Spotted GS-1Y4(f) 5503 | -6/Lower Caves | Spotted K4-AMS(f) 5503 | -6/Lower Caves | Spotted AH-KBX(f) 5505 | -6/Lower Caves | Encountered a Master Thief 5505 | -6/Lower Caves | Encountered a Master Thief 5505 | -6/Lower Caves | Encountered a Master Thief 5508 | -6/Lower Caves | AWS/Gauss stolen by Master Thief 5511 | -6/Lower Caves | Spotted PV-2YV(f) 5512 | -6/Lower Caves | Encountered a Master Thief 5513 | -6/Lower Caves | Lgt. Angular Momentum Engine stolen by Master Thief 5517 | -6/Lower Caves | Biomechanical Wings stolen by Master Thief 5522 | -6/Lower Caves | Imp. Reaction Control System stolen by Master Thief 5541 | -6/Lower Caves | Entered Zion 5560 | -6/Zion | Given A8's code to call for help 5586 | -6/Zion | Discovered new exit (range 15) 5613 | -6/Zion | Acquired unknown access codes intercepted by a Zionite 5628 | -6/Zion | System corruption cleaned by Quarantine Array 5679 | -6/Zion | Learned location of 1 exit from Lower Caves 5719 | -6/Zion | Received a hallucinogenic algorithm 5731 | -6/Zion | Given the Hacking Drone Bay 5732 | -6/Zion | Found Prototype Device 5757 | -6/Zion | Found GAL Module 5879 | -6/Zion | Build established: Derelict-Mutant 5908 | -6/Zion | Gained Derelict followers 5912 | -6/Zion | Learned 4 Factory zone layouts 6011 | -6/Zion | Enhanced Grunt warped into view, answering call for help 6011 | -6/Zion | Opened final containment barrier to the Deep Caves 6019 | -6/Zion | Enhanced Grunt warped into view, answering call for help 6031 | -6/Zion | Discovered new exit (range 3) 6031 | -6/Zion | Saw the warning signs outside the Deep Caves entrance 6100 | -6/Zion | Entered Deep Caves 6100 | -6/Deep Caves | Accompanied by 7 allies 6210 | -6/Deep Caves | Attacked by Z-Imprinter 6223 | -6/Deep Caves | Allies destroyed Z-Imprinter 6251 | -6/Deep Caves | Found Prototype Protection 6251 | -6/Deep Caves | Identified Zio. Weapon Casing 6267 | -6/Deep Caves | Identified Hacking Drone Bay 6290 | -6/Deep Caves | Found Zio. Weapon Casing 6308 | -6/Deep Caves | Z-Facility disabled 6420 | -6/Deep Caves | Found Prototype Protection 6420 | -6/Deep Caves | Identified Zio. Heavy Carapace 6429 | -6/Deep Caves | Found Zio. Weapon Casing 6432 | -6/Deep Caves | Identified Molecular Deconstructor 6586 | -6/Deep Caves | Discovered new exit (range 7) 6618 | -6/Deep Caves | Entered Proximity Caves 6618 | -5/Proximity Caves | Accompanied by 3 allies 6622 | -5/Proximity Caves | Learned Factory interactive machine intel 6634 | -5/Proximity Caves | Spotted B-75 Beast 6683 | -5/Proximity Caves | Learned Factory garrison access intel 6727 | -5/Proximity Caves | Build established: Mutant 6819 | -5/Proximity Caves | Discovered exit to Factory (range 15) 6824 | -5/Proximity Caves | Entered Factory 6824 | -5/Factory | Evolved 2 slots: Utility x2 6826 | -5/Factory | Loaded intel: 52 interactive machine locations 6827 | -5/Factory | Loaded intel: 26 terminal locations 6828 | -5/Factory | Loaded intel: 4 garrison access locations 6937 | -5/Factory | Fabricated Adv. Hacking Suite (x1) 6978 | -5/Factory | Incoming investigation squad redirected 6980 | -5/Factory | Identified exit to Upper Caves 7014 | -5/Factory | Incoming investigation squad redirected 7073 | -5/Factory | Fabricated Exp. Propulsion Shielding? 7141 | -5/Factory | Garrison activated, responded to threat 7212 | -5/Factory | Destroyed 7 combat bots 7216 | -5/Factory | Lost 5 parts (1p1n3u) 7397 | -5/Factory | Entered Upper Caves 7456 | -5/Upper Caves | Build established: Hacker-Gunner 7532 | -5/Upper Caves | Attracted the attention of an 0b10 checkpoint 7595 | -5/Upper Caves | Attracted the attention of an 0b10 outpost 7632 | -5/Upper Caves | Destroyed 8 combat bots 7996 | -5/Upper Caves | Discovered new exit (range 8) 8015 | -5/Upper Caves | Entered another Upper Caves area 8015 | -5/Upper Caves | Accompanied by 2 allies 8015 | -5/Upper Caves | Spotted 8D-3VA(f) 8015 | -5/Upper Caves | Spotted YV-ZMZ(f) 8016 | -5/Upper Caves | Encountered a Master Thief 8016 | -5/Upper Caves | Encountered a Master Thief 8016 | -5/Upper Caves | Destroyed 8D-3VA(f) 8016 | -5/Upper Caves | Spotted K9-IWT(f) 8017 | -5/Upper Caves | Encountered a Master Thief 8019 | -5/Upper Caves | Destroyed YV-ZMZ(f) 8024 | -5/Upper Caves | AWS/Autocannon stolen by Master Thief 8327 | -5/Upper Caves | Build established: Scavenger-Mutant 8455 | -5/Upper Caves | Discovered new exit (range 21) 8456 | -5/Upper Caves | Encountered a Warlord checkpoint 8488 | -5/Upper Caves | Entered Zhirov 8488 | -5/Zhirov | Discovered new exit (range 3) 8523 | -5/Zhirov | Met Zhirov 8564 | -5/Zhirov | Learned location of Quarantine (-2) 8564 | -5/Zhirov | Learned location of Testing (-3) 8564 | -5/Zhirov | Learned location of Command (-1) 8578 | -5/Zhirov | Zhirov requested help retrieving the SGEMP Prototype 8607 | -5/Zhirov | Found Alien Artifact 8607 | -5/Zhirov | Identified Integrated Dissipator 8607 | -5/Zhirov | Installed Integrated Dissipator, increased core heat dissipation (+20) 8630 | -5/Zhirov | Found Alien Artifact 8784 | -5/Zhirov | Entered Proximity Caves 8966 | -4/Proximity Caves | Derelict sapper outpost attacked 8994 | -4/Proximity Caves | Encountered a Derelict sapper outpost 8997 | -4/Proximity Caves | Discovered new exit (range 18) 9021 | -4/Proximity Caves | Entered Factory 9021 | -4/Factory | Evolved 2 slots: Utility x2 9044 | -4/Factory | Identified exit to Upper Caves 9044 | -4/Factory | Identified exit to Extension 9044 | -4/Factory | Identified exit to Armory 9044 | -4/Factory | Central database locked down 9085 | -4/Factory | Build established: Hacker-Mutant 9093 | -4/Factory | Found Prototype Processor 9093 | -4/Factory | Identified Exp. Targeting Computer 9099 | -4/Factory | Found Prototype Device 9100 | -4/Factory | Identified Adv. EM Disruption Field 9328 | -4/Factory | Found Quantum Capacitor 9362 | -4/Factory | Incoming investigation squad redirected 9372 | -4/Factory | Fabricated Lrn. Sensor Array? 9409 | -4/Factory | Entered Upper Caves 9549 | -4/Upper Caves | Encountered a Warlord checkpoint 9553 | -4/Upper Caves | Discovered new exit (range 2) 9554 | -4/Upper Caves | Identified exit to Upper Caves 9554 | -4/Upper Caves | Entered another Upper Caves area 9554 | -4/Upper Caves | Spotted VI-5TI(f) 9555 | -4/Upper Caves | Encountered a Master Thief 9557 | -4/Upper Caves | Spotted 3C-TWT(f) 9558 | -4/Upper Caves | Encountered a Master Thief 9569 | -4/Upper Caves | Destroyed VI-5TI(f) 9574 | -4/Upper Caves | Adv. EM Disruption Field stolen by Master Thief 9584 | -4/Upper Caves | Discovered new exit (range 5) 9724 | -4/Upper Caves | Spotted B-86 Titan 9752 | -4/Upper Caves | Attracted the attention of an 0b10 checkpoint 9782 | -4/Upper Caves | Lost 3 parts (1u2w) 9815 | -4/Upper Caves | Attacked by a delusional Derelict stockpiling parts 9832 | -4/Upper Caves | Discovered new exit (range 5) 9835 | -4/Upper Caves | Identified exit to Warlord 9835 | -4/Upper Caves | Entered Warlord 9946 | -4/Warlord | Found Prototype Special Weapon 10055 | -4/Warlord | Found Prototype Device 10071 | -4/Warlord | Identified RU-N14's Throwing Claymores v3 10077 | -4/Warlord | Found Prototype Device 10102 | -4/Warlord | Warlord's base attacked by MAIN.C 10378 | -4/Warlord | Met Warlord 10389 | -4/Warlord | Opened Warlord's prototype stash 10395 | -4/Warlord | Found Prototype Device 10395 | -4/Warlord | Identified Exp. Cloaking Device 10402 | -4/Warlord | Found Prototype Device 10402 | -4/Warlord | Identified Exp. Focal Shield 10406 | -4/Warlord | Found Prototype Hackware 10452 | -4/Warlord | Warlord forces counterattacked 10469 | -4/Warlord | Opened side exit 10527 | -4/Warlord | Spotted Striker 10528 | -4/Warlord | Spotted Striker 10535 | -4/Warlord | Discovered new exit (range 15) 10538 | -4/Warlord | Identified exit to Proximity Caves 10538 | -4/Warlord | Entered Proximity Caves 10704 | -3/Proximity Caves | Attracted the attention of an 0b10 checkpoint 10847 | -3/Proximity Caves | Discovered new exit (range 8) 10852 | -3/Proximity Caves | Identified exit to Research 10853 | -3/Proximity Caves | Entered Research 10853 | -3/Research | Evolved 2 slots: Utility x2 10857 | -3/Research | Identified Wardrone Bay 10968 | -3/Research | Identified exit to Testing 11130 | -3/Research | Identified Transdimensional Reconstructor 11162 | -3/Research | Build established: Mutant 11582 | -3/Research | System corruption reached 10% 11646 | -3/Research | Garrison activated, responded to threat 11693 | -3/Research | Identified System Mapper 11776 | -3/Research | Spotted B-86 Titan 11848 | -3/Research | Entered Testing 11864 | -3/Testing | Lost 3 parts (1p2u) 11886 | -3/Testing | Identified exit to Research 11967 | -3/Testing | Incoming investigation squad redirected 12063 | -3/Testing | Fabricated Adv. Transmission Jammer (x1) 12146 | -3/Testing | Build established: Hacker-Mutant 12347 | -3/Testing | Spotted PD-NQ4YAL1QGE 12375 | -3/Testing | Incoming investigation squad redirected 12389 | -3/Testing | Spotted Striker 12389 | -3/Testing | Spotted Striker 12406 | -3/Testing | Found Prototype Slashing Weapon 12406 | -3/Testing | Identified Molecular Scythe 12558 | -3/Testing | Found Prototype Energy Cannon 12568 | -3/Testing | Incoming investigation squad redirected 12653 | -3/Testing | Found Prototype Energy Cannon 12653 | -3/Testing | Identified Disintegrator 12673 | -3/Testing | Entered Research 12673 | -2/Research | Warlord forces began assault on 0b10 12673 | -2/Research | Evolved 2 slots: Utility x2 12746 | -2/Research | Found Prototype Processor 12746 | -2/Research | Identified Spectral Analyzer 12780 | -2/Research | Identified exit to Quarantine 12783 | -2/Research | Research machine network offline 12796 | -2/Research | Spotted B-90 Cyclops 12811 | -2/Research | Identified Imp. Potential Cannon 12900 | -2/Research | Spotted B-90 Cyclops 13011 | -2/Research | Entered Quarantine 13038 | -2/Quarantine | Identified exit to Access 13046 | -2/Quarantine | Cryocooling Duct disabled 13061 | -2/Quarantine | Ambient heat levels rising (+20) 13061 | -2/Quarantine | Non-combat units ordered to evacuate 13081 | -2/Quarantine | Found Alien Slashing Weapon 13130 | -2/Quarantine | Identified Sigix Broadsword 13196 | -2/Quarantine | Lost 5 parts (1p2n2u) 13275 | -2/Quarantine | Found Alien Artifact 13293 | -2/Quarantine | Found Alien Impact Weapon 13473 | -2/Quarantine | Found Alien Energy Cannon 13682 | -2/Quarantine | Identified Core Stripper 13688 | -2/Quarantine | Found Prototype Launcher 13688 | -2/Quarantine | Identified Point Singularity Launcher 13805 | -2/Quarantine | System corruption reached 10% 13838 | -2/Quarantine | Lost 3 parts (3n) 13845 | -2/Quarantine | Core integrity fell below 50% 13940 | -2/Quarantine | Found Alien Artifact 13940 | -2/Quarantine | Identified Core Reset Matrix 13940 | -2/Quarantine | Identified Dimensional Node Initializer 13940 | -2/Quarantine | Identified Core Cannon 13940 | -2/Quarantine | Used Core Reset Matrix 13944 | -2/Quarantine | Detected hypermatrix surge 13944 | -2/Quarantine | Sensed 13 artifacts in vicinity 14069 | -2/Quarantine | Found Subatomic Replicator 14149 | -2/Quarantine | Spotted Fortress 14151 | -2/Quarantine | Destroyed Fortress 14158 | -2/Quarantine | Found Prototype Device 14158 | -2/Quarantine | Identified Exp. Force Field 14175 | -2/Quarantine | Found Prototype Protection 14175 | -2/Quarantine | Identified Centrium Heavy Armor Plating 14180 | -2/Quarantine | Found Unknown Protection 14180 | -2/Quarantine | Identified Hvy. Insulated Plating 14187 | -2/Quarantine | Found Unknown Device 14187 | -2/Quarantine | Identified Antimissile System 14191 | -2/Quarantine | Found Prototype Device 14191 | -2/Quarantine | Identified Thermal Barrier 14208 | -2/Quarantine | Found Prototype Device 14208 | -2/Quarantine | Identified Exp. EM Disruption Field 14421 | -2/Quarantine | Discovered new exit (range 5) 14426 | -2/Quarantine | Identified exit to Section 7 14427 | -2/Quarantine | Entered Section 7 14428 | -2/Section 7 | Sensed 25 artifacts in vicinity 14456 | -2/Section 7 | Spotted S7 Guard 14464 | -2/Section 7 | Found Core Membrane 14464 | -2/Section 7 | Installed Core Membrane, gained immunity to corruption 14492 | -2/Section 7 | Destroyed S7 Guard 14533 | -2/Section 7 | Found Prototype Protection 14533 | -2/Section 7 | Identified Hvy. Regenerative Plating 14770 | -2/Section 7 | Build established: Alien-Mutant 14838 | -2/Section 7 | Found Microwarp Drive 14900 | -2/Section 7 | Found Integrated Dissipator 14900 | -2/Section 7 | Installed Integrated Dissipator, increased core heat dissipation (+20) 15002 | -2/Section 7 | Found Integrated Mediator 15002 | -2/Section 7 | Installed Integrated Mediator, increased core attachment efficiency. 15131 | -2/Section 7 | Garrison activated, responded to threat 15510 | -2/Section 7 | Spotted S7 Guard 15518 | -2/Section 7 | Found Integrated Thermoelectric Network 15518 | -2/Section 7 | Installed Integrated Thermoelectric Network, gained heat-energy exchange potential 15537 | -2/Section 7 | Allies destroyed S7 Guard 15719 | -2/Section 7 | First assault squad dispatched 15740 | -2/Section 7 | Incoming assault squad redirected 15742 | -2/Section 7 | Incoming assault squad redirected 15792 | -2/Section 7 | Spotted S7 Guard 15817 | -2/Section 7 | Allies destroyed S7 Guard 15826 | -2/Section 7 | Found Core Regenerator 15955 | -2/Section 7 | Incoming assault squad redirected 16070 | -2/Section 7 | Spotted Alpha 7 16078 | -2/Section 7 | Spotted Alpha 7 16138 | -2/Section 7 | Core integrity fell below 20% 16144 | -2/Section 7 | Used Core Regenerator, restored core integrity (+362) 16145 | -2/Section 7 | Spotted Executioner 16145 | -2/Section 7 | Spotted Executioner 16160 | -2/Section 7 | Lost 3 parts (1n1u1w) 16165 | -2/Section 7 | Found Transdimensional Reconstructor 16170 | -2/Section 7 | Found Transdimensional Reconstructor 16173 | -2/Section 7 | Found Transdimensional Reconstructor 16244 | -2/Section 7 | Warped through subspace 16250 | -2/Section 7 | Spotted Executioner 16250 | -2/Section 7 | Spotted Executioner 16251 | -2/Section 7 | Spotted Striker 16251 | -2/Section 7 | Spotted Striker 16299 | -2/Section 7 | Found Sigix Sheargun 16303 | -2/Section 7 | Found Sigix Sheargun 16306 | -2/Section 7 | Found Sigix Sheargun 16318 | -2/Section 7 | Spotted Striker 16318 | -2/Section 7 | Spotted Striker 16341 | -2/Section 7 | Found Sigix Shearcannon 16392 | -2/Section 7 | Destroyed Executioner 16398 | -2/Section 7 | Destroyed Executioner 16406 | -2/Section 7 | Found Prototype Device 16406 | -2/Section 7 | Identified Adv. Kinecellerator 16417 | -2/Section 7 | Found Prototype Processor 16417 | -2/Section 7 | Identified Exp. Core Analyzer 16470 | -2/Section 7 | Found Drained L-Cannon 16480 | -2/Section 7 | Incoming assault squad redirected 16743 | -2/Section 7 | Warped through subspace 16744 | -2/Section 7 | Warped through subspace 16744 | -2/Section 7 | Spotted B-99 Colossus 16834 | -2/Section 7 | Found LRC Boosters 16834 | -2/Section 7 | Installed LRC Boosters, increased mass support (+10) 16843 | -2/Section 7 | Found LRC Storage 16843 | -2/Section 7 | Installed LRC Storage, increased inventory capacity (+2) 16846 | -2/Section 7 | Found LRC Boosters 16846 | -2/Section 7 | Installed LRC Boosters, increased mass support (+10) 17034 | -2/Section 7 | High security lockdown imminent 17089 | -2/Section 7 | Core destroyed Last Messages --------------- 17026_ P-80 Master destroyed. 17030_ Core Membrane filtered system corruption (1). 17034_ Activated siege mode. 17034_ Unknown Storage melted. 17034_ P-80 Master destroyed. 17034_ ALERT: High security lockdown imminent, T-100. 17041_ Ended siege mode. 17047_ C-30 ARC bursts open, deploying its payload. 17047_ G-73 Enforcer unfolds itself. 17047_ B-74 Champion unfolds itself. 17047_ L-61 Swordsman unfolds itself. 17050_ G-73 Enforcer destroyed. 17050_ Terminal disabled. 17054_ Microwarped (distance 6). 17083_ C-30 ARC bursts open, deploying its payload. 17083_ G-73 Enforcer unfolds itself. 17083_ M-36 Artificer unfolds itself. 17084_ ALERT: Machine network offline. 17089_ Acquired 52 matter. 17089_ Microwarped (distance 9). Map ----- +----------------------------------------------------+ | #???????!?????????????# # #??????????? | | #?????????????????????# # #??????????? | | #?????????????????????# # #??????????? | | #?????????????????????# # [ #??????????? | | ##############????????# +*|%! ! #??????????? | | # =! """"" #????????# #%%!! #??????????? | | # =! """"" #????????# #!!*! #??????????? | | + = """"" #????????# #=[ #??????????? | | # #????????# # #??????????? | | # ##???????# ##########??????????? | | ########"####"##??????# #???#"######????????? | | # #??########### c#???# """ ########## | | # #???# # #???#" """ # | | # #???# !! # #???#"" " [# | | # #???# !]%# u#???#""" =!# | | # ###?# [=*=# k#???#" ]%+% | | # " #?# [[%=# #???#"" %!#%%= ##### | | # ###?# """[# #???#" # # | | # " #???# ! """!+ ############ # | | # """ #???# """*# Ac k k c" #?""" | | + """ #???# [%#= ^ " #?""" | | #"" """ #?####+#######^=!^ """""g #?""" | | ??#"" """ #?# ??#== """""g #? | | ??#"" ??"" #?# ?#== [ """"" ######## | | ???T ????" #?# #=| #??????##### | | ????????? ??#= ?"""" #@!% ############ | | ????????? ??# ??""""" /w ! l | | ????????? ??# ??""""" # * g | | ????????? ??? ?? """ # """""""%""""""" """" | | ?????????##?????? ?# """""""=""""""" """" | | ??????????????? """""??# """""""=""""""" """" | | ??????????????? """"???# ![%=* [=% | | ???????????????? """"???# """""""%""""""" """" | | ???????????????? " "????# """""""[""""""" """" | | ??????????????? ?????# =""""""" """"""" """" | | ???????????????? ??????# [%![ | | ???????????????? ???????# !!! | | ?????????????############ ######+##### ^^ | | ?????????????# # ## # ^ | | ?????????????# %+[ ## "" # ^ ^^ | | ?????????????# """"""" # ## """ # ! | | ?????????????? """"""" # ## "T + | | ?????????????????""""" # ## """ # """ """ | | ##???????????????######## ## "" # """T""" | | #??????????????????????# ## ########## | | ##?????????????????????# ## [= #????????? | | "#?????????????????????# ## """""%= #????????? | | T#?????????????######### ## """""* #????????? | | "#?????????????#"""""""# ## """"" #????????? | | ##?????????????#"""" " # ## #????????? | +----------------------------------------------------+ Best States ------------- Heat Dissipation 159 Coolant Potential 220 Energy Generation 35 Energy Capacity 1550 Matter Stores 314 Matter Capacity 800 Sight Range 23 Robot Scan Range 16 Terrain Scan Range 24 Terrain Scan Density 410 Jamming Range 16 Additional Mass Support 16 Armor Coverage 1200 Resistance: KI 30 Resistance: TH 50 Resistance: EM 75 Propulsion Shielding 66 Utility Shielding 90 Weapon Shielding 100 Point Defense Rating 240 Melee Speed Boost 30 Evasion (%) 71 Targeting Accuracy 12 Melee Accuracy 12 Core Analysis 8 Recoil Reduction 4 Energy Filtering 50 Salvage Targeting 4 Offensive Hacking 38 Defensive Hacking 10 Trap Extractor Capacity 6 Item Schematics ----------------- None Robot Schematics ------------------ None Fabricated ------------ Adv. Hacking Suite | x1 | -5/Factory Exp. Propulsion Shielding | x1 | -5/Factory Lrn. Sensor Array | x1 | -4/Factory Adv. Transmission Jammer | x1 | -3/Testing Alien Tech Used ----------------- Integrated Dissipator Sigix Broadsword Core Stripper Core Reset Matrix Core Membrane Integrated Mediator Microwarp Drive Integrated Thermoelectric Network Core Regenerator Transdimensional Reconstructor Sigix Sheargun Sigix Shearcannon LRC Boosters LRC Storage Achievements -------------- None Challenges ------------ None Game ------ Seed SegregatorTitaniumGravjet Manual? 0 Play Time 04:53:51 Cumulative 1021.6 hours Start 2022.03.26 @ 13:58:25 End 2022.03.27 @ 11:29:58 Sessions 9 Manual Loads 0 Difficulty Rogue Special Mode None Game No. 306 Rogue 306 Adventurer 0 Explorer 0 Win Type - Total 71 Types 44/4/8/6/4/1/2/1/1 Lore% 92 Gallery% 94 Achievement% 98 Wizard Run 0 Options --------- ASCII 0 Keyboard 1 Movement Numpad Keybinds 0 Fullscreen 1 Font 24/Smallcaps Map View 76x56 Tactical HUD 1 Map Filters NONE Filters NONE Steam 1 RUN: 4e6cd165-07ac-495d-9cae-c17a64a283d1